Workbook

Sheet Debts
A1: Debt Snowball Planner
A2: List up to 5 debts, add an extra payment and see the payoff month by month.
A4: Example debts are in the blue cells. Type over them or clear them, the grey cells calculate.
A7: YOUR DEBTS (UP TO 5)
A8: Debt | B8: Balance | C8: APR % | D8: Minimum payment | E8: Snowball order | F8: Paid off in month
A9: Store card | B9: 1260 | C9: 26.99 | D9: 45 | E9: =IF(N(B9)>0,COUNTIF($B$9:$B$13,"<"&B9)+COUNTIF($B$9:B9,B9),"") -> 1 | F9: =IF(E9="","",CHOOSE(E9,IF(Schedule!G66>0.005,"60+",COUNTIF(Schedule!G7:G66,">0.005")+1),IF(Schedule!J66>0.005,"60+",COUNTIF(Schedule!J7:J66,">0.005")+1),IF(Schedule!M66>0.005,"60+",COUNTIF(Schedule!M7:M66,">0.005")+1),IF(Schedule!P66>0.005,"60+",COUNTIF(Schedule!P7:P66,">0.005")+1),IF(Schedule!S66>0.005,"60+",COUNTIF(Schedule!S7:S66,">0.005")+1))) -> 8
A10: Credit card | B10: 4850 | C10: 22.99 | D10: 120 | E10: =IF(N(B10)>0,COUNTIF($B$9:$B$13,"<"&B10)+COUNTIF($B$9:B10,B10),"") -> 3 | F10: =IF(E10="","",CHOOSE(E10,IF(Schedule!G66>0.005,"60+",COUNTIF(Schedule!G7:G66,">0.005")+1),IF(Schedule!J66>0.005,"60+",COUNTIF(Schedule!J7:J66,">0.005")+1),IF(Schedule!M66>0.005,"60+",COUNTIF(Schedule!M7:M66,">0.005")+1),IF(Schedule!P66>0.005,"60+",COUNTIF(Schedule!P7:P66,">0.005")+1),IF(Schedule!S66>0.005,"60+",COUNTIF(Schedule!S7:S66,">0.005")+1))) -> 27
A11: Car loan | B11: 9400 | C11: 6.49 | D11: 285 | E11: =IF(N(B11)>0,COUNTIF($B$9:$B$13,"<"&B11)+COUNTIF($B$9:B11,B11),"") -> 4 | F11: =IF(E11="","",CHOOSE(E11,IF(Schedule!G66>0.005,"60+",COUNTIF(Schedule!G7:G66,">0.005")+1),IF(Schedule!J66>0.005,"60+",COUNTIF(Schedule!J7:J66,">0.005")+1),IF(Schedule!M66>0.005,"60+",COUNTIF(Schedule!M7:M66,">0.005")+1),IF(Schedule!P66>0.005,"60+",COUNTIF(Schedule!P7:P66,">0.005")+1),IF(Schedule!S66>0.005,"60+",COUNTIF(Schedule!S7:S66,">0.005")+1))) -> 31
A12: Personal loan | B12: 2300 | C12: 11.5 | D12: 90 | E12: =IF(N(B12)>0,COUNTIF($B$9:$B$13,"<"&B12)+COUNTIF($B$9:B12,B12),"") -> 2 | F12: =IF(E12="","",CHOOSE(E12,IF(Schedule!G66>0.005,"60+",COUNTIF(Schedule!G7:G66,">0.005")+1),IF(Schedule!J66>0.005,"60+",COUNTIF(Schedule!J7:J66,">0.005")+1),IF(Schedule!M66>0.005,"60+",COUNTIF(Schedule!M7:M66,">0.005")+1),IF(Schedule!P66>0.005,"60+",COUNTIF(Schedule!P7:P66,">0.005")+1),IF(Schedule!S66>0.005,"60+",COUNTIF(Schedule!S7:S66,">0.005")+1))) -> 14
E13: =IF(N(B13)>0,COUNTIF($B$9:$B$13,"<"&B13)+COUNTIF($B$9:B13,B13),"") | F13: =IF(E13="","",CHOOSE(E13,IF(Schedule!G66>0.005,"60+",COUNTIF(Schedule!G7:G66,">0.005")+1),IF(Schedule!J66>0.005,"60+",COUNTIF(Schedule!J7:J66,">0.005")+1),IF(Schedule!M66>0.005,"60+",COUNTIF(Schedule!M7:M66,">0.005")+1),IF(Schedule!P66>0.005,"60+",COUNTIF(Schedule!P7:P66,">0.005")+1),IF(Schedule!S66>0.005,"60+",COUNTIF(Schedule!S7:S66,">0.005")+1)))
A15: Extra payment per month | C15: 150
A16: First month of the plan | C16: 46327
A18: SNOWBALL ORDER (SMALLEST BALANCE FIRST)
A19: Slot / debt | B19: Balance | C19: APR % | D19: Minimum payment
A20: =IFERROR(INDEX($A$9:$A$13,MATCH(1,$E$9:$E$13,0)),"") -> Store card | B20: =IFERROR(INDEX($B$9:$B$13,MATCH(1,$E$9:$E$13,0)),0) -> 1260 | C20: =IFERROR(INDEX($C$9:$C$13,MATCH(1,$E$9:$E$13,0)),0) -> 26.99 | D20: =IFERROR(INDEX($D$9:$D$13,MATCH(1,$E$9:$E$13,0)),0) -> 45
A21: =IFERROR(INDEX($A$9:$A$13,MATCH(2,$E$9:$E$13,0)),"") -> Personal loan | B21: =IFERROR(INDEX($B$9:$B$13,MATCH(2,$E$9:$E$13,0)),0) -> 2300 | C21: =IFERROR(INDEX($C$9:$C$13,MATCH(2,$E$9:$E$13,0)),0) -> 11.5 | D21: =IFERROR(INDEX($D$9:$D$13,MATCH(2,$E$9:$E$13,0)),0) -> 90
A22: =IFERROR(INDEX($A$9:$A$13,MATCH(3,$E$9:$E$13,0)),"") -> Credit card | B22: =IFERROR(INDEX($B$9:$B$13,MATCH(3,$E$9:$E$13,0)),0) -> 4850 | C22: =IFERROR(INDEX($C$9:$C$13,MATCH(3,$E$9:$E$13,0)),0) -> 22.99 | D22: =IFERROR(INDEX($D$9:$D$13,MATCH(3,$E$9:$E$13,0)),0) -> 120
A23: =IFERROR(INDEX($A$9:$A$13,MATCH(4,$E$9:$E$13,0)),"") -> Car loan | B23: =IFERROR(INDEX($B$9:$B$13,MATCH(4,$E$9:$E$13,0)),0) -> 9400 | C23: =IFERROR(INDEX($C$9:$C$13,MATCH(4,$E$9:$E$13,0)),0) -> 6.49 | D23: =IFERROR(INDEX($D$9:$D$13,MATCH(4,$E$9:$E$13,0)),0) -> 285
A24: =IFERROR(INDEX($A$9:$A$13,MATCH(5,$E$9:$E$13,0)),"") | B24: =IFERROR(INDEX($B$9:$B$13,MATCH(5,$E$9:$E$13,0)),0) -> 0 | C24: =IFERROR(INDEX($C$9:$C$13,MATCH(5,$E$9:$E$13,0)),0) -> 0 | D24: =IFERROR(INDEX($D$9:$D$13,MATCH(5,$E$9:$E$13,0)),0) -> 0
A28: YOUR PLAN
A29: Months to be debt free | D29: =IF(Schedule!T66>0.005,"More than 60",SUM(Schedule!C7:C66)) -> 31
A30: Debt free in | D30: =IF(Schedule!T66>0.005,"",EDATE(C16,SUM(Schedule!C7:C66)-1)) -> 47239
A31: Total interest paid | D31: =SUM(Schedule!U7:U66) -> 3065.26
A32: Total paid | D32: =SUM(Schedule!V7:V66) -> 20875.26
A33: Total debt today | D33: =SUM(B9:B13) -> 17810
A34: Minimum payments only warning | D34: =IF(SUMPRODUCT((D9:D13>0)*(D9:D13<B9:B13*C9:C13/100/12))>0,"A minimum payment is below the monthly interest","OK") -> OK
A36: Snowball method: pay the minimum on every debt, put everything extra on the smallest balance, then roll its payment onto the next one.
A37: A planning template. It does not connect to any bank or app and is not financial, legal or tax advice.

Sheet Schedule
A1: Payoff schedule
A2: Month by month. Every figure is a formula of the Debts sheet.
A4: Slots: | E4: =Debts!A20 -> Store card | H4: =Debts!A21 -> Personal loan | K4: =Debts!A22 -> Credit card | N4: =Debts!A23 -> Car loan | Q4: =Debts!A24
A5: Month | B5: Date | C5: Open | D5: Extra pool | E5: Interest 1 | F5: Payment 1 | G5: Balance 1 | H5: Interest 2 | I5: Payment 2 | J5: Balance 2 | K5: Interest 3 | L5: Payment 3 | M5: Balance 3 | N5: Interest 4 | O5: Payment 4 | P5: Balance 4 | Q5: Interest 5 | R5: Payment 5 | S5: Balance 5 | T5: Total balance | U5: Total interest | V5: Total paid
A6: 0 | B6: =Debts!$C$16 -> 46327 | G6: =Debts!$B$20 -> 1260 | J6: =Debts!$B$21 -> 2300 | M6: =Debts!$B$22 -> 4850 | P6: =Debts!$B$23 -> 9400 | S6: =Debts!$B$24 -> 0 | T6: =G6+J6+M6+P6+S6 -> 17810
A7: 1 | B7: =EDATE(Debts!$C$16,0) -> 46327 | C7: =IF(T6>0.005,1,0) -> 1 | D7: =ROUND(MAX(0,(SUM(Debts!$D$20:$D$24)+N(Debts!$C$15))-(MIN(Debts!$D$20,G6+E7)+MIN(Debts!$D$21,J6+H7)+MIN(Debts!$D$22,M6+K7)+MIN(Debts!$D$23,P6+N7)+MIN(Debts!$D$24,S6+Q7))),2)*C7 -> 150 | E7: =ROUND(G6*Debts!$C$20/100/12,2) -> 28.34 | F7: =MIN(G6+E7,Debts!$D$20+MAX(0,$D7-(0))) -> 195 | G7: =ROUND(G6+E7-F7,2) -> 1093.34 | H7: =ROUND(J6*Debts!$C$21/100/12,2) -> 22.04 | I7: =MIN(J6+H7,Debts!$D$21+MAX(0,$D7-((F7-MIN(Debts!$D$20,G6+E7))))) -> 90 | J7: =ROUND(J6+H7-I7,2) -> 2232.04 | K7: =ROUND(M6*Debts!$C$22/100/12,2) -> 92.92 | L7: =MIN(M6+K7,Debts!$D$22+MAX(0,$D7-((F7-MIN(Debts!$D$20,G6+E7))+(I7-MIN(Debts!$D$21,J6+H7))))) -> 120 | M7: =ROUND(M6+K7-L7,2) -> 4822.92 | N7: =ROUND(P6*Debts!$C$23/100/12,2) -> 50.84 | O7: =MIN(P6+N7,Debts!$D$23+MAX(0,$D7-((F7-MIN(Debts!$D$20,G6+E7))+(I7-MIN(Debts!$D$21,J6+H7))+(L7-MIN(Debts!$D$22,M6+K7))))) -> 285 | P7: =ROUND(P6+N7-O7,2) -> 9165.84 | Q7: =ROUND(S6*Debts!$C$24/100/12,2) -> 0 | R7: =MIN(S6+Q7,Debts!$D$24+MAX(0,$D7-((F7-MIN(Debts!$D$20,G6+E7))+(I7-MIN(Debts!$D$21,J6+H7))+(L7-MIN(Debts!$D$22,M6+K7))+(O7-MIN(Debts!$D$23,P6+N7))))) -> 0 | S7: =ROUND(S6+Q7-R7,2) -> 0 | T7: =G7+J7+M7+P7+S7 -> 17314.14 | U7: =E7+H7+K7+N7+Q7 -> 194.14 | V7: =F7+I7+L7+O7+R7 -> 690
A8: 2 | B8: =EDATE(Debts!$C$16,1) -> 46357 | C8: =IF(T7>0.005,1,0) -> 1 | D8: =ROUND(MAX(0,(SUM(Debts!$D$20:$D$24)+N(Debts!$C$15))-(MIN(Debts!$D$20,G7+E8)+MIN(Debts!$D$21,J7+H8)+MIN(Debts!$D$22,M7+K8)+MIN(Debts!$D$23,P7+N8)+MIN(Debts!$D$24,S7+Q8))),2)*C8 -> 150 | E8: =ROUND(G7*Debts!$C$20/100/12,2) -> 24.59 | F8: =MIN(G7+E8,Debts!$D$20+MAX(0,$D8-(0))) -> 195 | G8: =ROUND(G7+E8-F8,2) -> 922.93 | H8: =ROUND(J7*Debts!$C$21/100/12,2) -> 21.39 | I8: =MIN(J7+H8,Debts!$D$21+MAX(0,$D8-((F8-MIN(Debts!$D$20,G7+E8))))) -> 90 | J8: =ROUND(J7+H8-I8,2) -> 2163.43 | K8: =ROUND(M7*Debts!$C$22/100/12,2) -> 92.4 | L8: =MIN(M7+K8,Debts!$D$22+MAX(0,$D8-((F8-MIN(Debts!$D$20,G7+E8))+(I8-MIN(Debts!$D$21,J7+H8))))) -> 120 | M8: =ROUND(M7+K8-L8,2) -> 4795.32 | N8: =ROUND(P7*Debts!$C$23/100/12,2) -> 49.57 | O8: =MIN(P7+N8,Debts!$D$23+MAX(0,$D8-((F8-MIN(Debts!$D$20,G7+E8))+(I8-MIN(Debts!$D$21,J7+H8))+(L8-MIN(Debts!$D$22,M7+K8))))) -> 285 | P8: =ROUND(P7+N8-O8,2) -> 8930.41 | Q8: =ROUND(S7*Debts!$C$24/100/12,2) -> 0 | R8: =MIN(S7+Q8,Debts!$D$24+MAX(0,$D8-((F8-MIN(Debts!$D$20,G7+E8))+(I8-MIN(Debts!$D$21,J7+H8))+(L8-MIN(Debts!$D$22,M7+K8))+(O8-MIN(Debts!$D$23,P7+N8))))) -> 0 | S8: =ROUND(S7+Q8-R8,2) -> 0 | T8: =G8+J8+M8+P8+S8 -> 16812.09 | U8: =E8+H8+K8+N8+Q8 -> 187.95 | V8: =F8+I8+L8+O8+R8 -> 690
A9: 3 | B9: =EDATE(Debts!$C$16,2) -> 46388 | C9: =IF(T8>0.005,1,0) -> 1 | D9: =ROUND(MAX(0,(SUM(Debts!$D$20:$D$24)+N(Debts!$C$15))-(MIN(Debts!$D$20,G8+E9)+MIN(Debts!$D$21,J8+H9)+MIN(Debts!$D$22,M8+K9)+MIN(Debts!$D$23,P8+N9)+MIN(Debts!$D$24,S8+Q9))),2)*C9 -> 150 | E9: =ROUND(G8*Debts!$C$20/100/12,2) -> 20.76 | F9: =MIN(G8+E9,Debts!$D$20+MAX(0,$D9-(0))) -> 195 | G9: =ROUND(G8+E9-F9,2) -> 748.69 | H9: =ROUND(J8*Debts!$C$21/100/12,2) -> 20.73 | I9: =MIN(J8+H9,Debts!$D$21+MAX(0,$D9-((F9-MIN(Debts!$D$20,G8+E9))))) -> 90 | J9: =ROUND(J8+H9-I9,2) -> 2094.16 | K9: =ROUND(M8*Debts!$C$22/100/12,2) -> 91.87 | L9: =MIN(M8+K9,Debts!$D$22+MAX(0,$D9-((F9-MIN(Debts!$D$20,G8+E9))+(I9-MIN(Debts!$D$21,J8+H9))))) -> 120 | M9: =ROUND(M8+K9-L9,2) -> 4767.19 | N9: =ROUND(P8*Debts!$C$23/100/12,2) -> 48.3 | O9: =MIN(P8+N9,Debts!$D$23+MAX(0,$D9-((F9-MIN(Debts!$D$20,G8+E9))+(I9-MIN(Debts!$D$21,J8+H9))+(L9-MIN(Debts!$D$22,M8+K9))))) -> 285 | P9: =ROUND(P8+N9-O9,2) -> 8693.71 | Q9: =ROUND(S8*Debts!$C$24/100/12,2) -> 0 | R9: =MIN(S8+Q9,Debts!$D$24+MAX(0,$D9-((F9-MIN(Debts!$D$20,G8+E9))+(I9-MIN(Debts!$D$21,J8+H9))+(L9-MIN(Debts!$D$22,M8+K9))+(O9-MIN(Debts!$D$23,P8+N9))))) -> 0 | S9: =ROUND(S8+Q9-R9,2) -> 0 | T9: =G9+J9+M9+P9+S9 -> 16303.75 | U9: =E9+H9+K9+N9+Q9 -> 181.66 | V9: =F9+I9+L9+O9+R9 -> 690
A10: 4 | B10: =EDATE(Debts!$C$16,3) -> 46419 | C10: =IF(T9>0.005,1,0) -> 1 | D10: =ROUND(MAX(0,(SUM(Debts!$D$20:$D$24)+N(Debts!$C$15))-(MIN(Debts!$D$20,G9+E10)+MIN(Debts!$D$21,J9+H10)+MIN(Debts!$D$22,M9+K10)+MIN(Debts!$D$23,P9+N10)+MIN(Debts!$D$24,S9+Q10))),2)*C10 -> 150 | E10: =ROUND(G9*Debts!$C$20/100/12,2) -> 16.84 | F10: =MIN(G9+E10,Debts!$D$20+MAX(0,$D10-(0))) -> 195 | G10: =ROUND(G9+E10-F10,2) -> 570.53 | H10: =ROUND(J9*Debts!$C$21/100/12,2) -> 20.07 | I10: =MIN(J9+H10,Debts!$D$21+MAX(0,$D10-((F10-MIN(Debts!$D$20,G9+E10))))) -> 90 | J10: =ROUND(J9+H10-I10,2) -> 2024.23 | K10: =ROUND(M9*Debts!$C$22/100/12,2) -> 91.33 | L10: =MIN(M9+K10,Debts!$D$22+MAX(0,$D10-((F10-MIN(Debts!$D$20,G9+E10))+(I10-MIN(Debts!$D$21,J9+H10))))) -> 120 | M10: =ROUND(M9+K10-L10,2) -> 4738.52 | N10: =ROUND(P9*Debts!$C$23/100/12,2) -> 47.02 | O10: =MIN(P9+N10,Debts!$D$23+MAX(0,$D10-((F10-MIN(Debts!$D$20,G9+E10))+(I10-MIN(Debts!$D$21,J9+H10))+(L10-MIN(Debts!$D$22,M9+K10))))) -> 285 | P10: =ROUND(P9+N10-O10,2) -> 8455.73 | Q10: =ROUND(S9*Debts!$C$24/100/12,2) -> 0 | R10: =MIN(S9+Q10,Debts!$D$24+MAX(0,$D10-((F10-MIN(Debts!$D$20,G9+E10))+(I10-MIN(Debts!$D$21,J9+H10))+(L10-MIN(Debts!$D$22,M9+K10))+(O10-MIN(Debts!$D$23,P9+N10))))) -> 0 | S10: =ROUND(S9+Q10-R10,2) -> 0 | T10: =G10+J10+M10+P10+S10 -> 15789.01 | U10: =E10+H10+K10+N10+Q10 -> 175.26 | V10: =F10+I10+L10+O10+R10 -> 690
A11: 5 | B11: =EDATE(Debts!$C$16,4) -> 46447 | C11: =IF(T10>0.005,1,0) -> 1 | D11: =ROUND(MAX(0,(SUM(Debts!$D$20:$D$24)+N(Debts!$C$15))-(MIN(Debts!$D$20,G10+E11)+MIN(Debts!$D$21,J10+H11)+MIN(Debts!$D$22,M10+K11)+MIN(Debts!$D$23,P10+N11)+MIN(Debts!$D$24,S10+Q11))),2)*C11 -> 150 | E11: =ROUND(G10*Debts!$C$20/100/12,2) -> 12.83 | F11: =MIN(G10+E11,Debts!$D$20+MAX(0,$D11-(0))) -> 195 | G11: =ROUND(G10+E11-F11,2) -> 388.36 | H11: =ROUND(J10*Debts!$C$21/100/12,2) -> 19.4 | I11: =MIN(J10+H11,Debts!$D$21+MAX(0,$D11-((F11-MIN(Debts!$D$20,G10+E11))))) -> 90 | J11: =ROUND(J10+H11-I11,2) -> 1953.63 | K11: =ROUND(M10*Debts!$C$22/100/12,2) -> 90.78 | L11: =MIN(M10+K11,Debts!$D$22+MAX(0,$D11-((F11-MIN(Debts!$D$20,G10+E11))+(I11-MIN(Debts!$D$21,J10+H11))))) -> 120 | M11: =ROUND(M10+K11-L11,2) -> 4709.3 | N11: =ROUND(P10*Debts!$C$23/100/12,2) -> 45.73 | O11: =MIN(P10+N11,Debts!$D$23+MAX(0,$D11-((F11-MIN(Debts!$D$20,G10+E11))+(I11-MIN(Debts!$D$21,J10+H11))+(L11-MIN(Debts!$D$22,M10+K11))))) -> 285 | P11: =ROUND(P10+N11-O11,2) -> 8216.46 | Q11: =ROUND(S10*Debts!$C$24/100/12,2) -> 0 | R11: =MIN(S10+Q11,Debts!$D$24+MAX(0,$D11-((F11-MIN(Debts!$D$20,G10+E11))+(I11-MIN(Debts!$D$21,J10+H11))+(L11-MIN(Debts!$D$22,M10+K11))+(O11-MIN(Debts!$D$23,P10+N11))))) -> 0 | S11: =ROUND(S10+Q11-R11,2) -> 0 | T11: =G11+J11+M11+P11+S11 -> 15267.75 | U11: =E11+H11+K11+N11+Q11 -> 168.74 | V11: =F11+I11+L11+O11+R11 -> 690
A12: 6 | B12: =EDATE(Debts!$C$16,5) -> 46478 | C12: =IF(T11>0.005,1,0) -> 1 | D12: =ROUND(MAX(0,(SUM(Debts!$D$20:$D$24)+N(Debts!$C$15))-(MIN(Debts!$D$20,G11+E12)+MIN(Debts!$D$21,J11+H12)+MIN(Debts!$D$22,M11+K12)+MIN(Debts!$D$23,P11+N12)+MIN(Debts!$D$24,S11+Q12))),2)*C12 -> 150 | E12: =ROUND(G11*Debts!$C$20/100/12,2) -> 8.73 | F12: =MIN(G11+E12,Debts!$D$20+MAX(0,$D12-(0))) -> 195 | G12: =ROUND(G11+E12-F12,2) -> 202.09 | H12: =ROUND(J11*Debts!$C$21/100/12,2) -> 18.72 | I12: =MIN(J11+H12,Debts!$D$21+MAX(0,$D12-((F12-MIN(Debts!$D$20,G11+E12))))) -> 90 | J12: =ROUND(J11+H12-I12,2) -> 1882.35 | K12: =ROUND(M11*Debts!$C$22/100/12,2) -> 90.22 | L12: =MIN(M11+K12,Debts!$D$22+MAX(0,$D12-((F12-MIN(Debts!$D$20,G11+E12))+(I12-MIN(Debts!$D$21,J11+H12))))) -> 120 | M12: =ROUND(M11+K12-L12,2) -> 4679.52 | N12: =ROUND(P11*Debts!$C$23/100/12,2) -> 44.44 | O12: =MIN(P11+N12,Debts!$D$23+MAX(0,$D12-((F12-MIN(Debts!$D$20,G11+E12))+(I12-MIN(Debts!$D$21,J11+H12))+(L12-MIN(Debts!$D$22,M11+K12))))) -> 285 | P12: =ROUND(P11+N12-O12,2) -> 7975.9 | Q12: =ROUND(S11*Debts!$C$24/100/12,2) -> 0 | R12: =MIN(S11+Q12,Debts!$D$24+MAX(0,$D12-((F12-MIN(Debts!$D$20,G11+E12))+(I12-MIN(Debts!$D$21,J11+H12))+(L12-MIN(Debts!$D$22,M11+K12))+(O12-MIN(Debts!$D$23,P11+N12))))) -> 0 | S12: =ROUND(S11+Q12-R12,2) -> 0 | T12: =G12+J12+M12+P12+S12 -> 14739.86 | U12: =E12+H12+K12+N12+Q12 -> 162.11 | V12: =F12+I12+L12+O12+R12 -> 690
A13: 7 | B13: =EDATE(Debts!$C$16,6) -> 46508 | C13: =IF(T12>0.005,1,0) -> 1 | D13: =ROUND(MAX(0,(SUM(Debts!$D$20:$D$24)+N(Debts!$C$15))-(MIN(Debts!$D$20,G12+E13)+MIN(Debts!$D$21,J12+H13)+MIN(Debts!$D$22,M12+K13)+MIN(Debts!$D$23,P12+N13)+MIN(Debts!$D$24,S12+Q13))),2)*C13 -> 150 | E13: =ROUND(G12*Debts!$C$20/100/12,2) -> 4.55 | F13: =MIN(G12+E13,Debts!$D$20+MAX(0,$D13-(0))) -> 195 | G13: =ROUND(G12+E13-F13,2) -> 11.64 | H13: =ROUND(J12*Debts!$C$21/100/12,2) -> 18.04 | I13: =MIN(J12+H13,Debts!$D$21+MAX(0,$D13-((F13-MIN(Debts!$D$20,G12+E13))))) -> 90 | J13: =ROUND(J12+H13-I13,2) -> 1810.39 | K13: =ROUND(M12*Debts!$C$22/100/12,2) -> 89.65 | L13: =MIN(M12+K13,Debts!$D$22+MAX(0,$D13-((F13-MIN(Debts!$D$20,G12+E13))+(I13-MIN(Debts!$D$21,J12+H13))))) -> 120 | M13: =ROUND(M12+K13-L13,2) -> 4649.17 | N13: =ROUND(P12*Debts!$C$23/100/12,2) -> 43.14 | O13: =MIN(P12+N13,Debts!$D$23+MAX(0,$D13-((F13-MIN(Debts!$D$20,G12+E13))+(I13-MIN(Debts!$D$21,J12+H13))+(L13-MIN(Debts!$D$22,M12+K13))))) -> 285 | P13: =ROUND(P12+N13-O13,2) -> 7734.04 | Q13: =ROUND(S12*Debts!$C$24/100/12,2) -> 0 | R13: =MIN(S12+Q13,Debts!$D$24+MAX(0,$D13-((F13-MIN(Debts!$D$20,G12+E13))+(I13-MIN(Debts!$D$21,J12+H13))+(L13-MIN(Debts!$D$22,M12+K13))+(O13-MIN(Debts!$D$23,P12+N13))))) -> 0 | S13: =ROUND(S12+Q13-R13,2) -> 0 | T13: =G13+J13+M13+P13+S13 -> 14205.24 | U13: =E13+H13+K13+N13+Q13 -> 155.38 | V13: =F13+I13+L13+O13+R13 -> 690
A14: 8 | B14: =EDATE(Debts!$C$16,7) -> 46539 | C14: =IF(T13>0.005,1,0) -> 1 | D14: =ROUND(MAX(0,(SUM(Debts!$D$20:$D$24)+N(Debts!$C$15))-(MIN(Debts!$D$20,G13+E14)+MIN(Debts!$D$21,J13+H14)+MIN(Debts!$D$22,M13+K14)+MIN(Debts!$D$23,P13+N14)+MIN(Debts!$D$24,S13+Q14))),2)*C14 -> 183.1 | E14: =ROUND(G13*Debts!$C$20/100/12,2) -> 0.26 | F14: =MIN(G13+E14,Debts!$D$20+MAX(0,$D14-(0))) -> 11.9 | G14: =ROUND(G13+E14-F14,2) -> 0 | H14: =ROUND(J13*Debts!$C$21/100/12,2) -> 17.35 | I14: =MIN(J13+H14,Debts!$D$21+MAX(0,$D14-((F14-MIN(Debts!$D$20,G13+E14))))) -> 273.1 | J14: =ROUND(J13+H14-I14,2) -> 1554.64 | K14: =ROUND(M13*Debts!$C$22/100/12,2) -> 89.07 | L14: =MIN(M13+K14,Debts!$D$22+MAX(0,$D14-((F14-MIN(Debts!$D$20,G13+E14))+(I14-MIN(Debts!$D$21,J13+H14))))) -> 120 | M14: =ROUND(M13+K14-L14,2) -> 4618.24 | N14: =ROUND(P13*Debts!$C$23/100/12,2) -> 41.83 | O14: =MIN(P13+N14,Debts!$D$23+MAX(0,$D14-((F14-MIN(Debts!$D$20,G13+E14))+(I14-MIN(Debts!$D$21,J13+H14))+(L14-MIN(Debts!$D$22,M13+K14))))) -> 285 | P14: =ROUND(P13+N14-O14,2) -> 7490.87 | Q14: =ROUND(S13*Debts!$C$24/100/12,2) -> 0 | R14: =MIN(S13+Q14,Debts!$D$24+MAX(0,$D14-((F14-MIN(Debts!$D$20,G13+E14))+(I14-MIN(Debts!$D$21,J13+H14))+(L14-MIN(Debts!$D$22,M13+K14))+(O14-MIN(Debts!$D$23,P13+N14))))) -> 0 | S14: =ROUND(S13+Q14-R14,2) -> 0 | T14: =G14+J14+M14+P14+S14 -> 13663.75 | U14: =E14+H14+K14+N14+Q14 -> 148.51 | V14: =F14+I14+L14+O14+R14 -> 690
A15: 9 | B15: =EDATE(Debts!$C$16,8) -> 46569 | C15: =IF(T14>0.005,1,0) -> 1 | D15: =ROUND(MAX(0,(SUM(Debts!$D$20:$D$24)+N(Debts!$C$15))-(MIN(Debts!$D$20,G14+E15)+MIN(Debts!$D$21,J14+H15)+MIN(Debts!$D$22,M14+K15)+MIN(Debts!$D$23,P14+N15)+MIN(Debts!$D$24,S14+Q15))),2)*C15 -> 195 | E15: =ROUND(G14*Debts!$C$20/100/12,2) -> 0 | F15: =MIN(G14+E15,Debts!$D$20+MAX(0,$D15-(0))) -> 0 | G15: =ROUND(G14+E15-F15,2) -> 0 | H15: =ROUND(J14*Debts!$C$21/100/12,2) -> 14.9 | I15: =MIN(J14+H15,Debts!$D$21+MAX(0,$D15-((F15-MIN(Debts!$D$20,G14+E15))))) -> 285 | J15: =ROUND(J14+H15-I15,2) -> 1284.54 | K15: =ROUND(M14*Debts!$C$22/100/12,2) -> 88.48 | L15: =MIN(M14+K15,Debts!$D$22+MAX(0,$D15-((F15-MIN(Debts!$D$20,G14+E15))+(I15-MIN(Debts!$D$21,J14+H15))))) -> 120 | M15: =ROUND(M14+K15-L15,2) -> 4586.72 | N15: =ROUND(P14*Debts!$C$23/100/12,2) -> 40.51 | O15: =MIN(P14+N15,Debts!$D$23+MAX(0,$D15-((F15-MIN(Debts!$D$20,G14+E15))+(I15-MIN(Debts!$D$21,J14+H15))+(L15-MIN(Debts!$D$22,M14+K15))))) -> 285 | P15: =ROUND(P14+N15-O15,2) -> 7246.38 | Q15: =ROUND(S14*Debts!$C$24/100/12,2) -> 0 | R15: =MIN(S14+Q15,Debts!$D$24+MAX(0,$D15-((F15-MIN(Debts!$D$20,G14+E15))+(I15-MIN(Debts!$D$21,J14+H15))+(L15-MIN(Debts!$D$22,M14+K15))+(O15-MIN(Debts!$D$23,P14+N15))))) -> 0 | S15: =ROUND(S14+Q15-R15,2) -> 0 | T15: =G15+J15+M15+P15+S15 -> 13117.64 | U15: =E15+H15+K15+N15+Q15 -> 143.89 | V15: =F15+I15+L15+O15+R15 -> 690
A16: 10 | B16: =EDATE(Debts!$C$16,9) -> 46600 | C16: =IF(T15>0.005,1,0) -> 1 | D16: =ROUND(MAX(0,(SUM(Debts!$D$20:$D$24)+N(Debts!$C$15))-(MIN(Debts!$D$20,G15+E16)+MIN(Debts!$D$21,J15+H16)+MIN(Debts!$D$22,M15+K16)+MIN(Debts!$D$23,P15+N16)+MIN(Debts!$D$24,S15+Q16))),2)*C16 -> 195 | E16: =ROUND(G15*Debts!$C$20/100/12,2) -> 0 | F16: =MIN(G15+E16,Debts!$D$20+MAX(0,$D16-(0))) -> 0 | G16: =ROUND(G15+E16-F16,2) -> 0 | H16: =ROUND(J15*Debts!$C$21/100/12,2) -> 12.31 | I16: =MIN(J15+H16,Debts!$D$21+MAX(0,$D16-((F16-MIN(Debts!$D$20,G15+E16))))) -> 285 | J16: =ROUND(J15+H16-I16,2) -> 1011.85 | K16: =ROUND(M15*Debts!$C$22/100/12,2) -> 87.87 | L16: =MIN(M15+K16,Debts!$D$22+MAX(0,$D16-((F16-MIN(Debts!$D$20,G15+E16))+(I16-MIN(Debts!$D$21,J15+H16))))) -> 120 | M16: =ROUND(M15+K16-L16,2) -> 4554.59 | N16: =ROUND(P15*Debts!$C$23/100/12,2) -> 39.19 | O16: =MIN(P15+N16,Debts!$D$23+MAX(0,$D16-((F16-MIN(Debts!$D$20,G15+E16))+(I16-MIN(Debts!$D$21,J15+H16))+(L16-MIN(Debts!$D$22,M15+K16))))) -> 285 | P16: =ROUND(P15+N16-O16,2) -> 7000.57 | Q16: =ROUND(S15*Debts!$C$24/100/12,2) -> 0 | R16: =MIN(S15+Q16,Debts!$D$24+MAX(0,$D16-((F16-MIN(Debts!$D$20,G15+E16))+(I16-MIN(Debts!$D$21,J15+H16))+(L16-MIN(Debts!$D$22,M15+K16))+(O16-MIN(Debts!$D$23,P15+N16))))) -> 0 | S16: =ROUND(S15+Q16-R16,2) -> 0 | T16: =G16+J16+M16+P16+S16 -> 12567.01 | U16: =E16+H16+K16+N16+Q16 -> 139.37 | V16: =F16+I16+L16+O16+R16 -> 690
A17: 11 | B17: =EDATE(Debts!$C$16,10) -> 46631 | C17: =IF(T16>0.005,1,0) -> 1 | D17: =ROUND(MAX(0,(SUM(Debts!$D$20:$D$24)+N(Debts!$C$15))-(MIN(Debts!$D$20,G16+E17)+MIN(Debts!$D$21,J16+H17)+MIN(Debts!$D$22,M16+K17)+MIN(Debts!$D$23,P16+N17)+MIN(Debts!$D$24,S16+Q17))),2)*C17 -> 195 | E17: =ROUND(G16*Debts!$C$20/100/12,2) -> 0 | F17: =MIN(G16+E17,Debts!$D$20+MAX(0,$D17-(0))) -> 0 | G17: =ROUND(G16+E17-F17,2) -> 0 | H17: =ROUND(J16*Debts!$C$21/100/12,2) -> 9.7 | I17: =MIN(J16+H17,Debts!$D$21+MAX(0,$D17-((F17-MIN(Debts!$D$20,G16+E17))))) -> 285 | J17: =ROUND(J16+H17-I17,2) -> 736.55 | K17: =ROUND(M16*Debts!$C$22/100/12,2) -> 87.26 | L17: =MIN(M16+K17,Debts!$D$22+MAX(0,$D17-((F17-MIN(Debts!$D$20,G16+E17))+(I17-MIN(Debts!$D$21,J16+H17))))) -> 120 | M17: =ROUND(M16+K17-L17,2) -> 4521.85 | N17: =ROUND(P16*Debts!$C$23/100/12,2) -> 37.86 | O17: =MIN(P16+N17,Debts!$D$23+MAX(0,$D17-((F17-MIN(Debts!$D$20,G16+E17))+(I17-MIN(Debts!$D$21,J16+H17))+(L17-MIN(Debts!$D$22,M16+K17))))) -> 285 | P17: =ROUND(P16+N17-O17,2) -> 6753.43 | Q17: =ROUND(S16*Debts!$C$24/100/12,2) -> 0 | R17: =MIN(S16+Q17,Debts!$D$24+MAX(0,$D17-((F17-MIN(Debts!$D$20,G16+E17))+(I17-MIN(Debts!$D$21,J16+H17))+(L17-MIN(Debts!$D$22,M16+K17))+(O17-MIN(Debts!$D$23,P16+N17))))) -> 0 | S17: =ROUND(S16+Q17-R17,2) -> 0 | T17: =G17+J17+M17+P17+S17 -> 12011.83 | U17: =E17+H17+K17+N17+Q17 -> 134.82 | V17: =F17+I17+L17+O17+R17 -> 690
A18: 12 | B18: =EDATE(Debts!$C$16,11) -> 46661 | C18: =IF(T17>0.005,1,0) -> 1 | D18: =ROUND(MAX(0,(SUM(Debts!$D$20:$D$24)+N(Debts!$C$15))-(MIN(Debts!$D$20,G17+E18)+MIN(Debts!$D$21,J17+H18)+MIN(Debts!$D$22,M17+K18)+MIN(Debts!$D$23,P17+N18)+MIN(Debts!$D$24,S17+Q18))),2)*C18 -> 195 | E18: =ROUND(G17*Debts!$C$20/100/12,2) -> 0 | F18: =MIN(G17+E18,Debts!$D$20+MAX(0,$D18-(0))) -> 0 | G18: =ROUND(G17+E18-F18,2) -> 0 | H18: =ROUND(J17*Debts!$C$21/100/12,2) -> 7.06 | I18: =MIN(J17+H18,Debts!$D$21+MAX(0,$D18-((F18-MIN(Debts!$D$20,G17+E18))))) -> 285 | J18: =ROUND(J17+H18-I18,2) -> 458.61 | K18: =ROUND(M17*Debts!$C$22/100/12,2) -> 86.63 | L18: =MIN(M17+K18,Debts!$D$22+MAX(0,$D18-((F18-MIN(Debts!$D$20,G17+E18))+(I18-MIN(Debts!$D$21,J17+H18))))) -> 120 | M18: =ROUND(M17+K18-L18,2) -> 4488.48 | N18: =ROUND(P17*Debts!$C$23/100/12,2) -> 36.52 | O18: =MIN(P17+N18,Debts!$D$23+MAX(0,$D18-((F18-MIN(Debts!$D$20,G17+E18))+(I18-MIN(Debts!$D$21,J17+H18))+(L18-MIN(Debts!$D$22,M17+K18))))) -> 285 | P18: =ROUND(P17+N18-O18,2) -> 6504.95 | Q18: =ROUND(S17*Debts!$C$24/100/12,2) -> 0 | R18: =MIN(S17+Q18,Debts!$D$24+MAX(0,$D18-((F18-MIN(Debts!$D$20,G17+E18))+(I18-MIN(Debts!$D$21,J17+H18))+(L18-MIN(Debts!$D$22,M17+K18))+(O18-MIN(Debts!$D$23,P17+N18))))) -> 0 | S18: =ROUND(S17+Q18-R18,2) -> 0 | T18: =G18+J18+M18+P18+S18 -> 11452.04 | U18: =E18+H18+K18+N18+Q18 -> 130.21 | V18: =F18+I18+L18+O18+R18 -> 690
A19: 13 | B19: =EDATE(Debts!$C$16,12) -> 46692 | C19: =IF(T18>0.005,1,0) -> 1 | D19: =ROUND(MAX(0,(SUM(Debts!$D$20:$D$24)+N(Debts!$C$15))-(MIN(Debts!$D$20,G18+E19)+MIN(Debts!$D$21,J18+H19)+MIN(Debts!$D$22,M18+K19)+MIN(Debts!$D$23,P18+N19)+MIN(Debts!$D$24,S18+Q19))),2)*C19 -> 195 | E19: =ROUND(G18*Debts!$C$20/100/12,2) -> 0 | F19: =MIN(G18+E19,Debts!$D$20+MAX(0,$D19-(0))) -> 0 | G19: =ROUND(G18+E19-F19,2) -> 0 | H19: =ROUND(J18*Debts!$C$21/100/12,2) -> 4.4 | I19: =MIN(J18+H19,Debts!$D$21+MAX(0,$D19-((F19-MIN(Debts!$D$20,G18+E19))))) -> 285 | J19: =ROUND(J18+H19-I19,2) -> 178.01 | K19: =ROUND(M18*Debts!$C$22/100/12,2) -> 85.99 | L19: =MIN(M18+K19,Debts!$D$22+MAX(0,$D19-((F19-MIN(Debts!$D$20,G18+E19))+(I19-MIN(Debts!$D$21,J18+H19))))) -> 120 | M19: =ROUND(M18+K19-L19,2) -> 4454.47 | N19: =ROUND(P18*Debts!$C$23/100/12,2) -> 35.18 | O19: =MIN(P18+N19,Debts!$D$23+MAX(0,$D19-((F19-MIN(Debts!$D$20,G18+E19))+(I19-MIN(Debts!$D$21,J18+H19))+(L19-MIN(Debts!$D$22,M18+K19))))) -> 285 | P19: =ROUND(P18+N19-O19,2) -> 6255.13 | Q19: =ROUND(S18*Debts!$C$24/100/12,2) -> 0 | R19: =MIN(S18+Q19,Debts!$D$24+MAX(0,$D19-((F19-MIN(Debts!$D$20,G18+E19))+(I19-MIN(Debts!$D$21,J18+H19))+(L19-MIN(Debts!$D$22,M18+K19))+(O19-MIN(Debts!$D$23,P18+N19))))) -> 0 | S19: =ROUND(S18+Q19-R19,2) -> 0 | T19: =G19+J19+M19+P19+S19 -> 10887.61 | U19: =E19+H19+K19+N19+Q19 -> 125.57 | V19: =F19+I19+L19+O19+R19 -> 690
A20: 14 | B20: =EDATE(Debts!$C$16,13) -> 46722 | C20: =IF(T19>0.005,1,0) -> 1 | D20: =ROUND(MAX(0,(SUM(Debts!$D$20:$D$24)+N(Debts!$C$15))-(MIN(Debts!$D$20,G19+E20)+MIN(Debts!$D$21,J19+H20)+MIN(Debts!$D$22,M19+K20)+MIN(Debts!$D$23,P19+N20)+MIN(Debts!$D$24,S19+Q20))),2)*C20 -> 195 | E20: =ROUND(G19*Debts!$C$20/100/12,2) -> 0 | F20: =MIN(G19+E20,Debts!$D$20+MAX(0,$D20-(0))) -> 0 | G20: =ROUND(G19+E20-F20,2) -> 0 | H20: =ROUND(J19*Debts!$C$21/100/12,2) -> 1.71 | I20: =MIN(J19+H20,Debts!$D$21+MAX(0,$D20-((F20-MIN(Debts!$D$20,G19+E20))))) -> 179.72 | J20: =ROUND(J19+H20-I20,2) -> 0 | K20: =ROUND(M19*Debts!$C$22/100/12,2) -> 85.34 | L20: =MIN(M19+K20,Debts!$D$22+MAX(0,$D20-((F20-MIN(Debts!$D$20,G19+E20))+(I20-MIN(Debts!$D$21,J19+H20))))) -> 225.28 | M20: =ROUND(M19+K20-L20,2) -> 4314.53 | N20: =ROUND(P19*Debts!$C$23/100/12,2) -> 33.83 | O20: =MIN(P19+N20,Debts!$D$23+MAX(0,$D20-((F20-MIN(Debts!$D$20,G19+E20))+(I20-MIN(Debts!$D$21,J19+H20))+(L20-MIN(Debts!$D$22,M19+K20))))) -> 285 | P20: =ROUND(P19+N20-O20,2) -> 6003.96 | Q20: =ROUND(S19*Debts!$C$24/100/12,2) -> 0 | R20: =MIN(S19+Q20,Debts!$D$24+MAX(0,$D20-((F20-MIN(Debts!$D$20,G19+E20))+(I20-MIN(Debts!$D$21,J19+H20))+(L20-MIN(Debts!$D$22,M19+K20))+(O20-MIN(Debts!$D$23,P19+N20))))) -> 0 | S20: =ROUND(S19+Q20-R20,2) -> 0 | T20: =G20+J20+M20+P20+S20 -> 10318.49 | U20: =E20+H20+K20+N20+Q20 -> 120.88 | V20: =F20+I20+L20+O20+R20 -> 690
A21: 15 | B21: =EDATE(Debts!$C$16,14) -> 46753 | C21: =IF(T20>0.005,1,0) -> 1 | D21: =ROUND(MAX(0,(SUM(Debts!$D$20:$D$24)+N(Debts!$C$15))-(MIN(Debts!$D$20,G20+E21)+MIN(Debts!$D$21,J20+H21)+MIN(Debts!$D$22,M20+K21)+MIN(Debts!$D$23,P20+N21)+MIN(Debts!$D$24,S20+Q21))),2)*C21 -> 285 | E21: =ROUND(G20*Debts!$C$20/100/12,2) -> 0 | F21: =MIN(G20+E21,Debts!$D$20+MAX(0,$D21-(0))) -> 0 | G21: =ROUND(G20+E21-F21,2) -> 0 | H21: =ROUND(J20*Debts!$C$21/100/12,2) -> 0 | I21: =MIN(J20+H21,Debts!$D$21+MAX(0,$D21-((F21-MIN(Debts!$D$20,G20+E21))))) -> 0 | J21: =ROUND(J20+H21-I21,2) -> 0 | K21: =ROUND(M20*Debts!$C$22/100/12,2) -> 82.66 | L21: =MIN(M20+K21,Debts!$D$22+MAX(0,$D21-((F21-MIN(Debts!$D$20,G20+E21))+(I21-MIN(Debts!$D$21,J20+H21))))) -> 405 | M21: =ROUND(M20+K21-L21,2) -> 3992.19 | N21: =ROUND(P20*Debts!$C$23/100/12,2) -> 32.47 | O21: =MIN(P20+N21,Debts!$D$23+MAX(0,$D21-((F21-MIN(Debts!$D$20,G20+E21))+(I21-MIN(Debts!$D$21,J20+H21))+(L21-MIN(Debts!$D$22,M20+K21))))) -> 285 | P21: =ROUND(P20+N21-O21,2) -> 5751.43 | Q21: =ROUND(S20*Debts!$C$24/100/12,2) -> 0 | R21: =MIN(S20+Q21,Debts!$D$24+MAX(0,$D21-((F21-MIN(Debts!$D$20,G20+E21))+(I21-MIN(Debts!$D$21,J20+H21))+(L21-MIN(Debts!$D$22,M20+K21))+(O21-MIN(Debts!$D$23,P20+N21))))) -> 0 | S21: =ROUND(S20+Q21-R21,2) -> 0 | T21: =G21+J21+M21+P21+S21 -> 9743.62 | U21: =E21+H21+K21+N21+Q21 -> 115.13 | V21: =F21+I21+L21+O21+R21 -> 690
A22: 16 | B22: =EDATE(Debts!$C$16,15) -> 46784 | C22: =IF(T21>0.005,1,0) -> 1 | D22: =ROUND(MAX(0,(SUM(Debts!$D$20:$D$24)+N(Debts!$C$15))-(MIN(Debts!$D$20,G21+E22)+MIN(Debts!$D$21,J21+H22)+MIN(Debts!$D$22,M21+K22)+MIN(Debts!$D$23,P21+N22)+MIN(Debts!$D$24,S21+Q22))),2)*C22 -> 285 | E22: =ROUND(G21*Debts!$C$20/100/12,2) -> 0 | F22: =MIN(G21+E22,Debts!$D$20+MAX(0,$D22-(0))) -> 0 | G22: =ROUND(G21+E22-F22,2) -> 0 | H22: =ROUND(J21*Debts!$C$21/100/12,2) -> 0 | I22: =MIN(J21+H22,Debts!$D$21+MAX(0,$D22-((F22-MIN(Debts!$D$20,G21+E22))))) -> 0 | J22: =ROUND(J21+H22-I22,2) -> 0 | K22: =ROUND(M21*Debts!$C$22/100/12,2) -> 76.48 | L22: =MIN(M21+K22,Debts!$D$22+MAX(0,$D22-((F22-MIN(Debts!$D$20,G21+E22))+(I22-MIN(Debts!$D$21,J21+H22))))) -> 405 | M22: =ROUND(M21+K22-L22,2) -> 3663.67 | N22: =ROUND(P21*Debts!$C$23/100/12,2) -> 31.11 | O22: =MIN(P21+N22,Debts!$D$23+MAX(0,$D22-((F22-MIN(Debts!$D$20,G21+E22))+(I22-MIN(Debts!$D$21,J21+H22))+(L22-MIN(Debts!$D$22,M21+K22))))) -> 285 | P22: =ROUND(P21+N22-O22,2) -> 5497.54 | Q22: =ROUND(S21*Debts!$C$24/100/12,2) -> 0 | R22: =MIN(S21+Q22,Debts!$D$24+MAX(0,$D22-((F22-MIN(Debts!$D$20,G21+E22))+(I22-MIN(Debts!$D$21,J21+H22))+(L22-MIN(Debts!$D$22,M21+K22))+(O22-MIN(Debts!$D$23,P21+N22))))) -> 0 | S22: =ROUND(S21+Q22-R22,2) -> 0 | T22: =G22+J22+M22+P22+S22 -> 9161.21 | U22: =E22+H22+K22+N22+Q22 -> 107.59 | V22: =F22+I22+L22+O22+R22 -> 690
A23: 17 | B23: =EDATE(Debts!$C$16,16) -> 46813 | C23: =IF(T22>0.005,1,0) -> 1 | D23: =ROUND(MAX(0,(SUM(Debts!$D$20:$D$24)+N(Debts!$C$15))-(MIN(Debts!$D$20,G22+E23)+MIN(Debts!$D$21,J22+H23)+MIN(Debts!$D$22,M22+K23)+MIN(Debts!$D$23,P22+N23)+MIN(Debts!$D$24,S22+Q23))),2)*C23 -> 285 | E23: =ROUND(G22*Debts!$C$20/100/12,2) -> 0 | F23: =MIN(G22+E23,Debts!$D$20+MAX(0,$D23-(0))) -> 0 | G23: =ROUND(G22+E23-F23,2) -> 0 | H23: =ROUND(J22*Debts!$C$21/100/12,2) -> 0 | I23: =MIN(J22+H23,Debts!$D$21+MAX(0,$D23-((F23-MIN(Debts!$D$20,G22+E23))))) -> 0 | J23: =ROUND(J22+H23-I23,2) -> 0 | K23: =ROUND(M22*Debts!$C$22/100/12,2) -> 70.19 | L23: =MIN(M22+K23,Debts!$D$22+MAX(0,$D23-((F23-MIN(Debts!$D$20,G22+E23))+(I23-MIN(Debts!$D$21,J22+H23))))) -> 405 | M23: =ROUND(M22+K23-L23,2) -> 3328.86 | N23: =ROUND(P22*Debts!$C$23/100/12,2) -> 29.73 | O23: =MIN(P22+N23,Debts!$D$23+MAX(0,$D23-((F23-MIN(Debts!$D$20,G22+E23))+(I23-MIN(Debts!$D$21,J22+H23))+(L23-MIN(Debts!$D$22,M22+K23))))) -> 285 | P23: =ROUND(P22+N23-O23,2) -> 5242.27 | Q23: =ROUND(S22*Debts!$C$24/100/12,2) -> 0 | R23: =MIN(S22+Q23,Debts!$D$24+MAX(0,$D23-((F23-MIN(Debts!$D$20,G22+E23))+(I23-MIN(Debts!$D$21,J22+H23))+(L23-MIN(Debts!$D$22,M22+K23))+(O23-MIN(Debts!$D$23,P22+N23))))) -> 0 | S23: =ROUND(S22+Q23-R23,2) -> 0 | T23: =G23+J23+M23+P23+S23 -> 8571.13 | U23: =E23+H23+K23+N23+Q23 -> 99.92 | V23: =F23+I23+L23+O23+R23 -> 690
A24: 18 | B24: =EDATE(Debts!$C$16,17) -> 46844 | C24: =IF(T23>0.005,1,0) -> 1 | D24: =ROUND(MAX(0,(SUM(Debts!$D$20:$D$24)+N(Debts!$C$15))-(MIN(Debts!$D$20,G23+E24)+MIN(Debts!$D$21,J23+H24)+MIN(Debts!$D$22,M23+K24)+MIN(Debts!$D$23,P23+N24)+MIN(Debts!$D$24,S23+Q24))),2)*C24 -> 285 | E24: =ROUND(G23*Debts!$C$20/100/12,2) -> 0 | F24: =MIN(G23+E24,Debts!$D$20+MAX(0,$D24-(0))) -> 0 | G24: =ROUND(G23+E24-F24,2) -> 0 | H24: =ROUND(J23*Debts!$C$21/100/12,2) -> 0 | I24: =MIN(J23+H24,Debts!$D$21+MAX(0,$D24-((F24-MIN(Debts!$D$20,G23+E24))))) -> 0 | J24: =ROUND(J23+H24-I24,2) -> 0 | K24: =ROUND(M23*Debts!$C$22/100/12,2) -> 63.78 | L24: =MIN(M23+K24,Debts!$D$22+MAX(0,$D24-((F24-MIN(Debts!$D$20,G23+E24))+(I24-MIN(Debts!$D$21,J23+H24))))) -> 405 | M24: =ROUND(M23+K24-L24,2) -> 2987.64 | N24: =ROUND(P23*Debts!$C$23/100/12,2) -> 28.35 | O24: =MIN(P23+N24,Debts!$D$23+MAX(0,$D24-((F24-MIN(Debts!$D$20,G23+E24))+(I24-MIN(Debts!$D$21,J23+H24))+(L24-MIN(Debts!$D$22,M23+K24))))) -> 285 | P24: =ROUND(P23+N24-O24,2) -> 4985.62 | Q24: =ROUND(S23*Debts!$C$24/100/12,2) -> 0 | R24: =MIN(S23+Q24,Debts!$D$24+MAX(0,$D24-((F24-MIN(Debts!$D$20,G23+E24))+(I24-MIN(Debts!$D$21,J23+H24))+(L24-MIN(Debts!$D$22,M23+K24))+(O24-MIN(Debts!$D$23,P23+N24))))) -> 0 | S24: =ROUND(S23+Q24-R24,2) -> 0 | T24: =G24+J24+M24+P24+S24 -> 7973.26 | U24: =E24+H24+K24+N24+Q24 -> 92.13 | V24: =F24+I24+L24+O24+R24 -> 690
A25: 19 | B25: =EDATE(Debts!$C$16,18) -> 46874 | C25: =IF(T24>0.005,1,0) -> 1 | D25: =ROUND(MAX(0,(SUM(Debts!$D$20:$D$24)+N(Debts!$C$15))-(MIN(Debts!$D$20,G24+E25)+MIN(Debts!$D$21,J24+H25)+MIN(Debts!$D$22,M24+K25)+MIN(Debts!$D$23,P24+N25)+MIN(Debts!$D$24,S24+Q25))),2)*C25 -> 285 | E25: =ROUND(G24*Debts!$C$20/100/12,2) -> 0 | F25: =MIN(G24+E25,Debts!$D$20+MAX(0,$D25-(0))) -> 0 | G25: =ROUND(G24+E25-F25,2) -> 0 | H25: =ROUND(J24*Debts!$C$21/100/12,2) -> 0 | I25: =MIN(J24+H25,Debts!$D$21+MAX(0,$D25-((F25-MIN(Debts!$D$20,G24+E25))))) -> 0 | J25: =ROUND(J24+H25-I25,2) -> 0 | K25: =ROUND(M24*Debts!$C$22/100/12,2) -> 57.24 | L25: =MIN(M24+K25,Debts!$D$22+MAX(0,$D25-((F25-MIN(Debts!$D$20,G24+E25))+(I25-MIN(Debts!$D$21,J24+H25))))) -> 405 | M25: =ROUND(M24+K25-L25,2) -> 2639.88 | N25: =ROUND(P24*Debts!$C$23/100/12,2) -> 26.96 | O25: =MIN(P24+N25,Debts!$D$23+MAX(0,$D25-((F25-MIN(Debts!$D$20,G24+E25))+(I25-MIN(Debts!$D$21,J24+H25))+(L25-MIN(Debts!$D$22,M24+K25))))) -> 285 | P25: =ROUND(P24+N25-O25,2) -> 4727.58 | Q25: =ROUND(S24*Debts!$C$24/100/12,2) -> 0 | R25: =MIN(S24+Q25,Debts!$D$24+MAX(0,$D25-((F25-MIN(Debts!$D$20,G24+E25))+(I25-MIN(Debts!$D$21,J24+H25))+(L25-MIN(Debts!$D$22,M24+K25))+(O25-MIN(Debts!$D$23,P24+N25))))) -> 0 | S25: =ROUND(S24+Q25-R25,2) -> 0 | T25: =G25+J25+M25+P25+S25 -> 7367.46 | U25: =E25+H25+K25+N25+Q25 -> 84.2 | V25: =F25+I25+L25+O25+R25 -> 690
A26: 20 | B26: =EDATE(Debts!$C$16,19) -> 46905 | C26: =IF(T25>0.005,1,0) -> 1 | D26: =ROUND(MAX(0,(SUM(Debts!$D$20:$D$24)+N(Debts!$C$15))-(MIN(Debts!$D$20,G25+E26)+MIN(Debts!$D$21,J25+H26)+MIN(Debts!$D$22,M25+K26)+MIN(Debts!$D$23,P25+N26)+MIN(Debts!$D$24,S25+Q26))),2)*C26 -> 285 | E26: =ROUND(G25*Debts!$C$20/100/12,2) -> 0 | F26: =MIN(G25+E26,Debts!$D$20+MAX(0,$D26-(0))) -> 0 | G26: =ROUND(G25+E26-F26,2) -> 0 | H26: =ROUND(J25*Debts!$C$21/100/12,2) -> 0 | I26: =MIN(J25+H26,Debts!$D$21+MAX(0,$D26-((F26-MIN(Debts!$D$20,G25+E26))))) -> 0 | J26: =ROUND(J25+H26-I26,2) -> 0 | K26: =ROUND(M25*Debts!$C$22/100/12,2) -> 50.58 | L26: =MIN(M25+K26,Debts!$D$22+MAX(0,$D26-((F26-MIN(Debts!$D$20,G25+E26))+(I26-MIN(Debts!$D$21,J25+H26))))) -> 405 | M26: =ROUND(M25+K26-L26,2) -> 2285.46 | N26: =ROUND(P25*Debts!$C$23/100/12,2) -> 25.57 | O26: =MIN(P25+N26,Debts!$D$23+MAX(0,$D26-((F26-MIN(Debts!$D$20,G25+E26))+(I26-MIN(Debts!$D$21,J25+H26))+(L26-MIN(Debts!$D$22,M25+K26))))) -> 285 | P26: =ROUND(P25+N26-O26,2) -> 4468.15 | Q26: =ROUND(S25*Debts!$C$24/100/12,2) -> 0 | R26: =MIN(S25+Q26,Debts!$D$24+MAX(0,$D26-((F26-MIN(Debts!$D$20,G25+E26))+(I26-MIN(Debts!$D$21,J25+H26))+(L26-MIN(Debts!$D$22,M25+K26))+(O26-MIN(Debts!$D$23,P25+N26))))) -> 0 | S26: =ROUND(S25+Q26-R26,2) -> 0 | T26: =G26+J26+M26+P26+S26 -> 6753.61 | U26: =E26+H26+K26+N26+Q26 -> 76.15 | V26: =F26+I26+L26+O26+R26 -> 690
A27: 21 | B27: =EDATE(Debts!$C$16,20) -> 46935 | C27: =IF(T26>0.005,1,0) -> 1 | D27: =ROUND(MAX(0,(SUM(Debts!$D$20:$D$24)+N(Debts!$C$15))-(MIN(Debts!$D$20,G26+E27)+MIN(Debts!$D$21,J26+H27)+MIN(Debts!$D$22,M26+K27)+MIN(Debts!$D$23,P26+N27)+MIN(Debts!$D$24,S26+Q27))),2)*C27 -> 285 | E27: =ROUND(G26*Debts!$C$20/100/12,2) -> 0 | F27: =MIN(G26+E27,Debts!$D$20+MAX(0,$D27-(0))) -> 0 | G27: =ROUND(G26+E27-F27,2) -> 0 | H27: =ROUND(J26*Debts!$C$21/100/12,2) -> 0 | I27: =MIN(J26+H27,Debts!$D$21+MAX(0,$D27-((F27-MIN(Debts!$D$20,G26+E27))))) -> 0 | J27: =ROUND(J26+H27-I27,2) -> 0 | K27: =ROUND(M26*Debts!$C$22/100/12,2) -> 43.79 | L27: =MIN(M26+K27,Debts!$D$22+MAX(0,$D27-((F27-MIN(Debts!$D$20,G26+E27))+(I27-MIN(Debts!$D$21,J26+H27))))) -> 405 | M27: =ROUND(M26+K27-L27,2) -> 1924.25 | N27: =ROUND(P26*Debts!$C$23/100/12,2) -> 24.17 | O27: =MIN(P26+N27,Debts!$D$23+MAX(0,$D27-((F27-MIN(Debts!$D$20,G26+E27))+(I27-MIN(Debts!$D$21,J26+H27))+(L27-MIN(Debts!$D$22,M26+K27))))) -> 285 | P27: =ROUND(P26+N27-O27,2) -> 4207.32 | Q27: =ROUND(S26*Debts!$C$24/100/12,2) -> 0 | R27: =MIN(S26+Q27,Debts!$D$24+MAX(0,$D27-((F27-MIN(Debts!$D$20,G26+E27))+(I27-MIN(Debts!$D$21,J26+H27))+(L27-MIN(Debts!$D$22,M26+K27))+(O27-MIN(Debts!$D$23,P26+N27))))) -> 0 | S27: =ROUND(S26+Q27-R27,2) -> 0 | T27: =G27+J27+M27+P27+S27 -> 6131.57 | U27: =E27+H27+K27+N27+Q27 -> 67.96 | V27: =F27+I27+L27+O27+R27 -> 690
A28: 22 | B28: =EDATE(Debts!$C$16,21) -> 46966 | C28: =IF(T27>0.005,1,0) -> 1 | D28: =ROUND(MAX(0,(SUM(Debts!$D$20:$D$24)+N(Debts!$C$15))-(MIN(Debts!$D$20,G27+E28)+MIN(Debts!$D$21,J27+H28)+MIN(Debts!$D$22,M27+K28)+MIN(Debts!$D$23,P27+N28)+MIN(Debts!$D$24,S27+Q28))),2)*C28 -> 285 | E28: =ROUND(G27*Debts!$C$20/100/12,2) -> 0 | F28: =MIN(G27+E28,Debts!$D$20+MAX(0,$D28-(0))) -> 0 | G28: =ROUND(G27+E28-F28,2) -> 0 | H28: =ROUND(J27*Debts!$C$21/100/12,2) -> 0 | I28: =MIN(J27+H28,Debts!$D$21+MAX(0,$D28-((F28-MIN(Debts!$D$20,G27+E28))))) -> 0 | J28: =ROUND(J27+H28-I28,2) -> 0 | K28: =ROUND(M27*Debts!$C$22/100/12,2) -> 36.87 | L28: =MIN(M27+K28,Debts!$D$22+MAX(0,$D28-((F28-MIN(Debts!$D$20,G27+E28))+(I28-MIN(Debts!$D$21,J27+H28))))) -> 405 | M28: =ROUND(M27+K28-L28,2) -> 1556.12 | N28: =ROUND(P27*Debts!$C$23/100/12,2) -> 22.75 | O28: =MIN(P27+N28,Debts!$D$23+MAX(0,$D28-((F28-MIN(Debts!$D$20,G27+E28))+(I28-MIN(Debts!$D$21,J27+H28))+(L28-MIN(Debts!$D$22,M27+K28))))) -> 285 | P28: =ROUND(P27+N28-O28,2) -> 3945.07 | Q28: =ROUND(S27*Debts!$C$24/100/12,2) -> 0 | R28: =MIN(S27+Q28,Debts!$D$24+MAX(0,$D28-((F28-MIN(Debts!$D$20,G27+E28))+(I28-MIN(Debts!$D$21,J27+H28))+(L28-MIN(Debts!$D$22,M27+K28))+(O28-MIN(Debts!$D$23,P27+N28))))) -> 0 | S28: =ROUND(S27+Q28-R28,2) -> 0 | T28: =G28+J28+M28+P28+S28 -> 5501.19 | U28: =E28+H28+K28+N28+Q28 -> 59.62 | V28: =F28+I28+L28+O28+R28 -> 690
A29: 23 | B29: =EDATE(Debts!$C$16,22) -> 46997 | C29: =IF(T28>0.005,1,0) -> 1 | D29: =ROUND(MAX(0,(SUM(Debts!$D$20:$D$24)+N(Debts!$C$15))-(MIN(Debts!$D$20,G28+E29)+MIN(Debts!$D$21,J28+H29)+MIN(Debts!$D$22,M28+K29)+MIN(Debts!$D$23,P28+N29)+MIN(Debts!$D$24,S28+Q29))),2)*C29 -> 285 | E29: =ROUND(G28*Debts!$C$20/100/12,2) -> 0 | F29: =MIN(G28+E29,Debts!$D$20+MAX(0,$D29-(0))) -> 0 | G29: =ROUND(G28+E29-F29,2) -> 0 | H29: =ROUND(J28*Debts!$C$21/100/12,2) -> 0 | I29: =MIN(J28+H29,Debts!$D$21+MAX(0,$D29-((F29-MIN(Debts!$D$20,G28+E29))))) -> 0 | J29: =ROUND(J28+H29-I29,2) -> 0 | K29: =ROUND(M28*Debts!$C$22/100/12,2) -> 29.81 | L29: =MIN(M28+K29,Debts!$D$22+MAX(0,$D29-((F29-MIN(Debts!$D$20,G28+E29))+(I29-MIN(Debts!$D$21,J28+H29))))) -> 405 | M29: =ROUND(M28+K29-L29,2) -> 1180.93 | N29: =ROUND(P28*Debts!$C$23/100/12,2) -> 21.34 | O29: =MIN(P28+N29,Debts!$D$23+MAX(0,$D29-((F29-MIN(Debts!$D$20,G28+E29))+(I29-MIN(Debts!$D$21,J28+H29))+(L29-MIN(Debts!$D$22,M28+K29))))) -> 285 | P29: =ROUND(P28+N29-O29,2) -> 3681.41 | Q29: =ROUND(S28*Debts!$C$24/100/12,2) -> 0 | R29: =MIN(S28+Q29,Debts!$D$24+MAX(0,$D29-((F29-MIN(Debts!$D$20,G28+E29))+(I29-MIN(Debts!$D$21,J28+H29))+(L29-MIN(Debts!$D$22,M28+K29))+(O29-MIN(Debts!$D$23,P28+N29))))) -> 0 | S29: =ROUND(S28+Q29-R29,2) -> 0 | T29: =G29+J29+M29+P29+S29 -> 4862.34 | U29: =E29+H29+K29+N29+Q29 -> 51.15 | V29: =F29+I29+L29+O29+R29 -> 690
A30: 24 | B30: =EDATE(Debts!$C$16,23) -> 47027 | C30: =IF(T29>0.005,1,0) -> 1 | D30: =ROUND(MAX(0,(SUM(Debts!$D$20:$D$24)+N(Debts!$C$15))-(MIN(Debts!$D$20,G29+E30)+MIN(Debts!$D$21,J29+H30)+MIN(Debts!$D$22,M29+K30)+MIN(Debts!$D$23,P29+N30)+MIN(Debts!$D$24,S29+Q30))),2)*C30 -> 285 | E30: =ROUND(G29*Debts!$C$20/100/12,2) -> 0 | F30: =MIN(G29+E30,Debts!$D$20+MAX(0,$D30-(0))) -> 0 | G30: =ROUND(G29+E30-F30,2) -> 0 | H30: =ROUND(J29*Debts!$C$21/100/12,2) -> 0 | I30: =MIN(J29+H30,Debts!$D$21+MAX(0,$D30-((F30-MIN(Debts!$D$20,G29+E30))))) -> 0 | J30: =ROUND(J29+H30-I30,2) -> 0 | K30: =ROUND(M29*Debts!$C$22/100/12,2) -> 22.62 | L30: =MIN(M29+K30,Debts!$D$22+MAX(0,$D30-((F30-MIN(Debts!$D$20,G29+E30))+(I30-MIN(Debts!$D$21,J29+H30))))) -> 405 | M30: =ROUND(M29+K30-L30,2) -> 798.55 | N30: =ROUND(P29*Debts!$C$23/100/12,2) -> 19.91 | O30: =MIN(P29+N30,Debts!$D$23+MAX(0,$D30-((F30-MIN(Debts!$D$20,G29+E30))+(I30-MIN(Debts!$D$21,J29+H30))+(L30-MIN(Debts!$D$22,M29+K30))))) -> 285 | P30: =ROUND(P29+N30-O30,2) -> 3416.32 | Q30: =ROUND(S29*Debts!$C$24/100/12,2) -> 0 | R30: =MIN(S29+Q30,Debts!$D$24+MAX(0,$D30-((F30-MIN(Debts!$D$20,G29+E30))+(I30-MIN(Debts!$D$21,J29+H30))+(L30-MIN(Debts!$D$22,M29+K30))+(O30-MIN(Debts!$D$23,P29+N30))))) -> 0 | S30: =ROUND(S29+Q30-R30,2) -> 0 | T30: =G30+J30+M30+P30+S30 -> 4214.87 | U30: =E30+H30+K30+N30+Q30 -> 42.53 | V30: =F30+I30+L30+O30+R30 -> 690
A31: 25 | B31: =EDATE(Debts!$C$16,24) -> 47058 | C31: =IF(T30>0.005,1,0) -> 1 | D31: =ROUND(MAX(0,(SUM(Debts!$D$20:$D$24)+N(Debts!$C$15))-(MIN(Debts!$D$20,G30+E31)+MIN(Debts!$D$21,J30+H31)+MIN(Debts!$D$22,M30+K31)+MIN(Debts!$D$23,P30+N31)+MIN(Debts!$D$24,S30+Q31))),2)*C31 -> 285 | E31: =ROUND(G30*Debts!$C$20/100/12,2) -> 0 | F31: =MIN(G30+E31,Debts!$D$20+MAX(0,$D31-(0))) -> 0 | G31: =ROUND(G30+E31-F31,2) -> 0 | H31: =ROUND(J30*Debts!$C$21/100/12,2) -> 0 | I31: =MIN(J30+H31,Debts!$D$21+MAX(0,$D31-((F31-MIN(Debts!$D$20,G30+E31))))) -> 0 | J31: =ROUND(J30+H31-I31,2) -> 0 | K31: =ROUND(M30*Debts!$C$22/100/12,2) -> 15.3 | L31: =MIN(M30+K31,Debts!$D$22+MAX(0,$D31-((F31-MIN(Debts!$D$20,G30+E31))+(I31-MIN(Debts!$D$21,J30+H31))))) -> 405 | M31: =ROUND(M30+K31-L31,2) -> 408.85 | N31: =ROUND(P30*Debts!$C$23/100/12,2) -> 18.48 | O31: =MIN(P30+N31,Debts!$D$23+MAX(0,$D31-((F31-MIN(Debts!$D$20,G30+E31))+(I31-MIN(Debts!$D$21,J30+H31))+(L31-MIN(Debts!$D$22,M30+K31))))) -> 285 | P31: =ROUND(P30+N31-O31,2) -> 3149.8 | Q31: =ROUND(S30*Debts!$C$24/100/12,2) -> 0 | R31: =MIN(S30+Q31,Debts!$D$24+MAX(0,$D31-((F31-MIN(Debts!$D$20,G30+E31))+(I31-MIN(Debts!$D$21,J30+H31))+(L31-MIN(Debts!$D$22,M30+K31))+(O31-MIN(Debts!$D$23,P30+N31))))) -> 0 | S31: =ROUND(S30+Q31-R31,2) -> 0 | T31: =G31+J31+M31+P31+S31 -> 3558.65 | U31: =E31+H31+K31+N31+Q31 -> 33.78 | V31: =F31+I31+L31+O31+R31 -> 690
A32: 26 | B32: =EDATE(Debts!$C$16,25) -> 47088 | C32: =IF(T31>0.005,1,0) -> 1 | D32: =ROUND(MAX(0,(SUM(Debts!$D$20:$D$24)+N(Debts!$C$15))-(MIN(Debts!$D$20,G31+E32)+MIN(Debts!$D$21,J31+H32)+MIN(Debts!$D$22,M31+K32)+MIN(Debts!$D$23,P31+N32)+MIN(Debts!$D$24,S31+Q32))),2)*C32 -> 285 | E32: =ROUND(G31*Debts!$C$20/100/12,2) -> 0 | F32: =MIN(G31+E32,Debts!$D$20+MAX(0,$D32-(0))) -> 0 | G32: =ROUND(G31+E32-F32,2) -> 0 | H32: =ROUND(J31*Debts!$C$21/100/12,2) -> 0 | I32: =MIN(J31+H32,Debts!$D$21+MAX(0,$D32-((F32-MIN(Debts!$D$20,G31+E32))))) -> 0 | J32: =ROUND(J31+H32-I32,2) -> 0 | K32: =ROUND(M31*Debts!$C$22/100/12,2) -> 7.83 | L32: =MIN(M31+K32,Debts!$D$22+MAX(0,$D32-((F32-MIN(Debts!$D$20,G31+E32))+(I32-MIN(Debts!$D$21,J31+H32))))) -> 405 | M32: =ROUND(M31+K32-L32,2) -> 11.68 | N32: =ROUND(P31*Debts!$C$23/100/12,2) -> 17.04 | O32: =MIN(P31+N32,Debts!$D$23+MAX(0,$D32-((F32-MIN(Debts!$D$20,G31+E32))+(I32-MIN(Debts!$D$21,J31+H32))+(L32-MIN(Debts!$D$22,M31+K32))))) -> 285 | P32: =ROUND(P31+N32-O32,2) -> 2881.84 | Q32: =ROUND(S31*Debts!$C$24/100/12,2) -> 0 | R32: =MIN(S31+Q32,Debts!$D$24+MAX(0,$D32-((F32-MIN(Debts!$D$20,G31+E32))+(I32-MIN(Debts!$D$21,J31+H32))+(L32-MIN(Debts!$D$22,M31+K32))+(O32-MIN(Debts!$D$23,P31+N32))))) -> 0 | S32: =ROUND(S31+Q32-R32,2) -> 0 | T32: =G32+J32+M32+P32+S32 -> 2893.52 | U32: =E32+H32+K32+N32+Q32 -> 24.87 | V32: =F32+I32+L32+O32+R32 -> 690
A33: 27 | B33: =EDATE(Debts!$C$16,26) -> 47119 | C33: =IF(T32>0.005,1,0) -> 1 | D33: =ROUND(MAX(0,(SUM(Debts!$D$20:$D$24)+N(Debts!$C$15))-(MIN(Debts!$D$20,G32+E33)+MIN(Debts!$D$21,J32+H33)+MIN(Debts!$D$22,M32+K33)+MIN(Debts!$D$23,P32+N33)+MIN(Debts!$D$24,S32+Q33))),2)*C33 -> 393.1 | E33: =ROUND(G32*Debts!$C$20/100/12,2) -> 0 | F33: =MIN(G32+E33,Debts!$D$20+MAX(0,$D33-(0))) -> 0 | G33: =ROUND(G32+E33-F33,2) -> 0 | H33: =ROUND(J32*Debts!$C$21/100/12,2) -> 0 | I33: =MIN(J32+H33,Debts!$D$21+MAX(0,$D33-((F33-MIN(Debts!$D$20,G32+E33))))) -> 0 | J33: =ROUND(J32+H33-I33,2) -> 0 | K33: =ROUND(M32*Debts!$C$22/100/12,2) -> 0.22 | L33: =MIN(M32+K33,Debts!$D$22+MAX(0,$D33-((F33-MIN(Debts!$D$20,G32+E33))+(I33-MIN(Debts!$D$21,J32+H33))))) -> 11.9 | M33: =ROUND(M32+K33-L33,2) -> 0 | N33: =ROUND(P32*Debts!$C$23/100/12,2) -> 15.59 | O33: =MIN(P32+N33,Debts!$D$23+MAX(0,$D33-((F33-MIN(Debts!$D$20,G32+E33))+(I33-MIN(Debts!$D$21,J32+H33))+(L33-MIN(Debts!$D$22,M32+K33))))) -> 678.1 | P33: =ROUND(P32+N33-O33,2) -> 2219.33 | Q33: =ROUND(S32*Debts!$C$24/100/12,2) -> 0 | R33: =MIN(S32+Q33,Debts!$D$24+MAX(0,$D33-((F33-MIN(Debts!$D$20,G32+E33))+(I33-MIN(Debts!$D$21,J32+H33))+(L33-MIN(Debts!$D$22,M32+K33))+(O33-MIN(Debts!$D$23,P32+N33))))) -> 0 | S33: =ROUND(S32+Q33-R33,2) -> 0 | T33: =G33+J33+M33+P33+S33 -> 2219.33 | U33: =E33+H33+K33+N33+Q33 -> 15.81 | V33: =F33+I33+L33+O33+R33 -> 690
A34: 28 | B34: =EDATE(Debts!$C$16,27) -> 47150 | C34: =IF(T33>0.005,1,0) -> 1 | D34: =ROUND(MAX(0,(SUM(Debts!$D$20:$D$24)+N(Debts!$C$15))-(MIN(Debts!$D$20,G33+E34)+MIN(Debts!$D$21,J33+H34)+MIN(Debts!$D$22,M33+K34)+MIN(Debts!$D$23,P33+N34)+MIN(Debts!$D$24,S33+Q34))),2)*C34 -> 405 | E34: =ROUND(G33*Debts!$C$20/100/12,2) -> 0 | F34: =MIN(G33+E34,Debts!$D$20+MAX(0,$D34-(0))) -> 0 | G34: =ROUND(G33+E34-F34,2) -> 0 | H34: =ROUND(J33*Debts!$C$21/100/12,2) -> 0 | I34: =MIN(J33+H34,Debts!$D$21+MAX(0,$D34-((F34-MIN(Debts!$D$20,G33+E34))))) -> 0 | J34: =ROUND(J33+H34-I34,2) -> 0 | K34: =ROUND(M33*Debts!$C$22/100/12,2) -> 0 | L34: =MIN(M33+K34,Debts!$D$22+MAX(0,$D34-((F34-MIN(Debts!$D$20,G33+E34))+(I34-MIN(Debts!$D$21,J33+H34))))) -> 0 | M34: =ROUND(M33+K34-L34,2) -> 0 | N34: =ROUND(P33*Debts!$C$23/100/12,2) -> 12 | O34: =MIN(P33+N34,Debts!$D$23+MAX(0,$D34-((F34-MIN(Debts!$D$20,G33+E34))+(I34-MIN(Debts!$D$21,J33+H34))+(L34-MIN(Debts!$D$22,M33+K34))))) -> 690 | P34: =ROUND(P33+N34-O34,2) -> 1541.33 | Q34: =ROUND(S33*Debts!$C$24/100/12,2) -> 0 | R34: =MIN(S33+Q34,Debts!$D$24+MAX(0,$D34-((F34-MIN(Debts!$D$20,G33+E34))+(I34-MIN(Debts!$D$21,J33+H34))+(L34-MIN(Debts!$D$22,M33+K34))+(O34-MIN(Debts!$D$23,P33+N34))))) -> 0 | S34: =ROUND(S33+Q34-R34,2) -> 0 | T34: =G34+J34+M34+P34+S34 -> 1541.33 | U34: =E34+H34+K34+N34+Q34 -> 12 | V34: =F34+I34+L34+O34+R34 -> 690
A35: 29 | B35: =EDATE(Debts!$C$16,28) -> 47178 | C35: =IF(T34>0.005,1,0) -> 1 | D35: =ROUND(MAX(0,(SUM(Debts!$D$20:$D$24)+N(Debts!$C$15))-(MIN(Debts!$D$20,G34+E35)+MIN(Debts!$D$21,J34+H35)+MIN(Debts!$D$22,M34+K35)+MIN(Debts!$D$23,P34+N35)+MIN(Debts!$D$24,S34+Q35))),2)*C35 -> 405 | E35: =ROUND(G34*Debts!$C$20/100/12,2) -> 0 | F35: =MIN(G34+E35,Debts!$D$20+MAX(0,$D35-(0))) -> 0 | G35: =ROUND(G34+E35-F35,2) -> 0 | H35: =ROUND(J34*Debts!$C$21/100/12,2) -> 0 | I35: =MIN(J34+H35,Debts!$D$21+MAX(0,$D35-((F35-MIN(Debts!$D$20,G34+E35))))) -> 0 | J35: =ROUND(J34+H35-I35,2) -> 0 | K35: =ROUND(M34*Debts!$C$22/100/12,2) -> 0 | L35: =MIN(M34+K35,Debts!$D$22+MAX(0,$D35-((F35-MIN(Debts!$D$20,G34+E35))+(I35-MIN(Debts!$D$21,J34+H35))))) -> 0 | M35: =ROUND(M34+K35-L35,2) -> 0 | N35: =ROUND(P34*Debts!$C$23/100/12,2) -> 8.34 | O35: =MIN(P34+N35,Debts!$D$23+MAX(0,$D35-((F35-MIN(Debts!$D$20,G34+E35))+(I35-MIN(Debts!$D$21,J34+H35))+(L35-MIN(Debts!$D$22,M34+K35))))) -> 690 | P35: =ROUND(P34+N35-O35,2) -> 859.67 | Q35: =ROUND(S34*Debts!$C$24/100/12,2) -> 0 | R35: =MIN(S34+Q35,Debts!$D$24+MAX(0,$D35-((F35-MIN(Debts!$D$20,G34+E35))+(I35-MIN(Debts!$D$21,J34+H35))+(L35-MIN(Debts!$D$22,M34+K35))+(O35-MIN(Debts!$D$23,P34+N35))))) -> 0 | S35: =ROUND(S34+Q35-R35,2) -> 0 | T35: =G35+J35+M35+P35+S35 -> 859.67 | U35: =E35+H35+K35+N35+Q35 -> 8.34 | V35: =F35+I35+L35+O35+R35 -> 690
A36: 30 | B36: =EDATE(Debts!$C$16,29) -> 47209 | C36: =IF(T35>0.005,1,0) -> 1 | D36: =ROUND(MAX(0,(SUM(Debts!$D$20:$D$24)+N(Debts!$C$15))-(MIN(Debts!$D$20,G35+E36)+MIN(Debts!$D$21,J35+H36)+MIN(Debts!$D$22,M35+K36)+MIN(Debts!$D$23,P35+N36)+MIN(Debts!$D$24,S35+Q36))),2)*C36 -> 405 | E36: =ROUND(G35*Debts!$C$20/100/12,2) -> 0 | F36: =MIN(G35+E36,Debts!$D$20+MAX(0,$D36-(0))) -> 0 | G36: =ROUND(G35+E36-F36,2) -> 0 | H36: =ROUND(J35*Debts!$C$21/100/12,2) -> 0 | I36: =MIN(J35+H36,Debts!$D$21+MAX(0,$D36-((F36-MIN(Debts!$D$20,G35+E36))))) -> 0 | J36: =ROUND(J35+H36-I36,2) -> 0 | K36: =ROUND(M35*Debts!$C$22/100/12,2) -> 0 | L36: =MIN(M35+K36,Debts!$D$22+MAX(0,$D36-((F36-MIN(Debts!$D$20,G35+E36))+(I36-MIN(Debts!$D$21,J35+H36))))) -> 0 | M36: =ROUND(M35+K36-L36,2) -> 0 | N36: =ROUND(P35*Debts!$C$23/100/12,2) -> 4.65 | O36: =MIN(P35+N36,Debts!$D$23+MAX(0,$D36-((F36-MIN(Debts!$D$20,G35+E36))+(I36-MIN(Debts!$D$21,J35+H36))+(L36-MIN(Debts!$D$22,M35+K36))))) -> 690 | P36: =ROUND(P35+N36-O36,2) -> 174.32 | Q36: =ROUND(S35*Debts!$C$24/100/12,2) -> 0 | R36: =MIN(S35+Q36,Debts!$D$24+MAX(0,$D36-((F36-MIN(Debts!$D$20,G35+E36))+(I36-MIN(Debts!$D$21,J35+H36))+(L36-MIN(Debts!$D$22,M35+K36))+(O36-MIN(Debts!$D$23,P35+N36))))) -> 0 | S36: =ROUND(S35+Q36-R36,2) -> 0 | T36: =G36+J36+M36+P36+S36 -> 174.32 | U36: =E36+H36+K36+N36+Q36 -> 4.65 | V36: =F36+I36+L36+O36+R36 -> 690
A37: 31 | B37: =EDATE(Debts!$C$16,30) -> 47239 | C37: =IF(T36>0.005,1,0) -> 1 | D37: =ROUND(MAX(0,(SUM(Debts!$D$20:$D$24)+N(Debts!$C$15))-(MIN(Debts!$D$20,G36+E37)+MIN(Debts!$D$21,J36+H37)+MIN(Debts!$D$22,M36+K37)+MIN(Debts!$D$23,P36+N37)+MIN(Debts!$D$24,S36+Q37))),2)*C37 -> 514.74 | E37: =ROUND(G36*Debts!$C$20/100/12,2) -> 0 | F37: =MIN(G36+E37,Debts!$D$20+MAX(0,$D37-(0))) -> 0 | G37: =ROUND(G36+E37-F37,2) -> 0 | H37: =ROUND(J36*Debts!$C$21/100/12,2) -> 0 | I37: =MIN(J36+H37,Debts!$D$21+MAX(0,$D37-((F37-MIN(Debts!$D$20,G36+E37))))) -> 0 | J37: =ROUND(J36+H37-I37,2) -> 0 | K37: =ROUND(M36*Debts!$C$22/100/12,2) -> 0 | L37: =MIN(M36+K37,Debts!$D$22+MAX(0,$D37-((F37-MIN(Debts!$D$20,G36+E37))+(I37-MIN(Debts!$D$21,J36+H37))))) -> 0 | M37: =ROUND(M36+K37-L37,2) -> 0 | N37: =ROUND(P36*Debts!$C$23/100/12,2) -> 0.94 | O37: =MIN(P36+N37,Debts!$D$23+MAX(0,$D37-((F37-MIN(Debts!$D$20,G36+E37))+(I37-MIN(Debts!$D$21,J36+H37))+(L37-MIN(Debts!$D$22,M36+K37))))) -> 175.26 | P37: =ROUND(P36+N37-O37,2) -> 0 | Q37: =ROUND(S36*Debts!$C$24/100/12,2) -> 0 | R37: =MIN(S36+Q37,Debts!$D$24+MAX(0,$D37-((F37-MIN(Debts!$D$20,G36+E37))+(I37-MIN(Debts!$D$21,J36+H37))+(L37-MIN(Debts!$D$22,M36+K37))+(O37-MIN(Debts!$D$23,P36+N37))))) -> 0 | S37: =ROUND(S36+Q37-R37,2) -> 0 | T37: =G37+J37+M37+P37+S37 -> 0 | U37: =E37+H37+K37+N37+Q37 -> 0.94 | V37: =F37+I37+L37+O37+R37 -> 175.26
A38: 32 | B38: =EDATE(Debts!$C$16,31) -> 47270 | C38: =IF(T37>0.005,1,0) -> 0 | D38: =ROUND(MAX(0,(SUM(Debts!$D$20:$D$24)+N(Debts!$C$15))-(MIN(Debts!$D$20,G37+E38)+MIN(Debts!$D$21,J37+H38)+MIN(Debts!$D$22,M37+K38)+MIN(Debts!$D$23,P37+N38)+MIN(Debts!$D$24,S37+Q38))),2)*C38 -> 0 | E38: =ROUND(G37*Debts!$C$20/100/12,2) -> 0 | F38: =MIN(G37+E38,Debts!$D$20+MAX(0,$D38-(0))) -> 0 | G38: =ROUND(G37+E38-F38,2) -> 0 | H38: =ROUND(J37*Debts!$C$21/100/12,2) -> 0 | I38: =MIN(J37+H38,Debts!$D$21+MAX(0,$D38-((F38-MIN(Debts!$D$20,G37+E38))))) -> 0 | J38: =ROUND(J37+H38-I38,2) -> 0 | K38: =ROUND(M37*Debts!$C$22/100/12,2) -> 0 | L38: =MIN(M37+K38,Debts!$D$22+MAX(0,$D38-((F38-MIN(Debts!$D$20,G37+E38))+(I38-MIN(Debts!$D$21,J37+H38))))) -> 0 | M38: =ROUND(M37+K38-L38,2) -> 0 | N38: =ROUND(P37*Debts!$C$23/100/12,2) -> 0 | O38: =MIN(P37+N38,Debts!$D$23+MAX(0,$D38-((F38-MIN(Debts!$D$20,G37+E38))+(I38-MIN(Debts!$D$21,J37+H38))+(L38-MIN(Debts!$D$22,M37+K38))))) -> 0 | P38: =ROUND(P37+N38-O38,2) -> 0 | Q38: =ROUND(S37*Debts!$C$24/100/12,2) -> 0 | R38: =MIN(S37+Q38,Debts!$D$24+MAX(0,$D38-((F38-MIN(Debts!$D$20,G37+E38))+(I38-MIN(Debts!$D$21,J37+H38))+(L38-MIN(Debts!$D$22,M37+K38))+(O38-MIN(Debts!$D$23,P37+N38))))) -> 0 | S38: =ROUND(S37+Q38-R38,2) -> 0 | T38: =G38+J38+M38+P38+S38 -> 0 | U38: =E38+H38+K38+N38+Q38 -> 0 | V38: =F38+I38+L38+O38+R38 -> 0
A39: 33 | B39: =EDATE(Debts!$C$16,32) -> 47300 | C39: =IF(T38>0.005,1,0) -> 0 | D39: =ROUND(MAX(0,(SUM(Debts!$D$20:$D$24)+N(Debts!$C$15))-(MIN(Debts!$D$20,G38+E39)+MIN(Debts!$D$21,J38+H39)+MIN(Debts!$D$22,M38+K39)+MIN(Debts!$D$23,P38+N39)+MIN(Debts!$D$24,S38+Q39))),2)*C39 -> 0 | E39: =ROUND(G38*Debts!$C$20/100/12,2) -> 0 | F39: =MIN(G38+E39,Debts!$D$20+MAX(0,$D39-(0))) -> 0 | G39: =ROUND(G38+E39-F39,2) -> 0 | H39: =ROUND(J38*Debts!$C$21/100/12,2) -> 0 | I39: =MIN(J38+H39,Debts!$D$21+MAX(0,$D39-((F39-MIN(Debts!$D$20,G38+E39))))) -> 0 | J39: =ROUND(J38+H39-I39,2) -> 0 | K39: =ROUND(M38*Debts!$C$22/100/12,2) -> 0 | L39: =MIN(M38+K39,Debts!$D$22+MAX(0,$D39-((F39-MIN(Debts!$D$20,G38+E39))+(I39-MIN(Debts!$D$21,J38+H39))))) -> 0 | M39: =ROUND(M38+K39-L39,2) -> 0 | N39: =ROUND(P38*Debts!$C$23/100/12,2) -> 0 | O39: =MIN(P38+N39,Debts!$D$23+MAX(0,$D39-((F39-MIN(Debts!$D$20,G38+E39))+(I39-MIN(Debts!$D$21,J38+H39))+(L39-MIN(Debts!$D$22,M38+K39))))) -> 0 | P39: =ROUND(P38+N39-O39,2) -> 0 | Q39: =ROUND(S38*Debts!$C$24/100/12,2) -> 0 | R39: =MIN(S38+Q39,Debts!$D$24+MAX(0,$D39-((F39-MIN(Debts!$D$20,G38+E39))+(I39-MIN(Debts!$D$21,J38+H39))+(L39-MIN(Debts!$D$22,M38+K39))+(O39-MIN(Debts!$D$23,P38+N39))))) -> 0 | S39: =ROUND(S38+Q39-R39,2) -> 0 | T39: =G39+J39+M39+P39+S39 -> 0 | U39: =E39+H39+K39+N39+Q39 -> 0 | V39: =F39+I39+L39+O39+R39 -> 0
A40: 34 | B40: =EDATE(Debts!$C$16,33) -> 47331 | C40: =IF(T39>0.005,1,0) -> 0 | D40: =ROUND(MAX(0,(SUM(Debts!$D$20:$D$24)+N(Debts!$C$15))-(MIN(Debts!$D$20,G39+E40)+MIN(Debts!$D$21,J39+H40)+MIN(Debts!$D$22,M39+K40)+MIN(Debts!$D$23,P39+N40)+MIN(Debts!$D$24,S39+Q40))),2)*C40 -> 0 | E40: =ROUND(G39*Debts!$C$20/100/12,2) -> 0 | F40: =MIN(G39+E40,Debts!$D$20+MAX(0,$D40-(0))) -> 0 | G40: =ROUND(G39+E40-F40,2) -> 0 | H40: =ROUND(J39*Debts!$C$21/100/12,2) -> 0 | I40: =MIN(J39+H40,Debts!$D$21+MAX(0,$D40-((F40-MIN(Debts!$D$20,G39+E40))))) -> 0 | J40: =ROUND(J39+H40-I40,2) -> 0 | K40: =ROUND(M39*Debts!$C$22/100/12,2) -> 0 | L40: =MIN(M39+K40,Debts!$D$22+MAX(0,$D40-((F40-MIN(Debts!$D$20,G39+E40))+(I40-MIN(Debts!$D$21,J39+H40))))) -> 0 | M40: =ROUND(M39+K40-L40,2) -> 0 | N40: =ROUND(P39*Debts!$C$23/100/12,2) -> 0 | O40: =MIN(P39+N40,Debts!$D$23+MAX(0,$D40-((F40-MIN(Debts!$D$20,G39+E40))+(I40-MIN(Debts!$D$21,J39+H40))+(L40-MIN(Debts!$D$22,M39+K40))))) -> 0 | P40: =ROUND(P39+N40-O40,2) -> 0 | Q40: =ROUND(S39*Debts!$C$24/100/12,2) -> 0 | R40: =MIN(S39+Q40,Debts!$D$24+MAX(0,$D40-((F40-MIN(Debts!$D$20,G39+E40))+(I40-MIN(Debts!$D$21,J39+H40))+(L40-MIN(Debts!$D$22,M39+K40))+(O40-MIN(Debts!$D$23,P39+N40))))) -> 0 | S40: =ROUND(S39+Q40-R40,2) -> 0 | T40: =G40+J40+M40+P40+S40 -> 0 | U40: =E40+H40+K40+N40+Q40 -> 0 | V40: =F40+I40+L40+O40+R40 -> 0
A41: 35 | B41: =EDATE(Debts!$C$16,34) -> 47362 | C41: =IF(T40>0.005,1,0) -> 0 | D41: =ROUND(MAX(0,(SUM(Debts!$D$20:$D$24)+N(Debts!$C$15))-(MIN(Debts!$D$20,G40+E41)+MIN(Debts!$D$21,J40+H41)+MIN(Debts!$D$22,M40+K41)+MIN(Debts!$D$23,P40+N41)+MIN(Debts!$D$24,S40+Q41))),2)*C41 -> 0 | E41: =ROUND(G40*Debts!$C$20/100/12,2) -> 0 | F41: =MIN(G40+E41,Debts!$D$20+MAX(0,$D41-(0))) -> 0 | G41: =ROUND(G40+E41-F41,2) -> 0 | H41: =ROUND(J40*Debts!$C$21/100/12,2) -> 0 | I41: =MIN(J40+H41,Debts!$D$21+MAX(0,$D41-((F41-MIN(Debts!$D$20,G40+E41))))) -> 0 | J41: =ROUND(J40+H41-I41,2) -> 0 | K41: =ROUND(M40*Debts!$C$22/100/12,2) -> 0 | L41: =MIN(M40+K41,Debts!$D$22+MAX(0,$D41-((F41-MIN(Debts!$D$20,G40+E41))+(I41-MIN(Debts!$D$21,J40+H41))))) -> 0 | M41: =ROUND(M40+K41-L41,2) -> 0 | N41: =ROUND(P40*Debts!$C$23/100/12,2) -> 0 | O41: =MIN(P40+N41,Debts!$D$23+MAX(0,$D41-((F41-MIN(Debts!$D$20,G40+E41))+(I41-MIN(Debts!$D$21,J40+H41))+(L41-MIN(Debts!$D$22,M40+K41))))) -> 0 | P41: =ROUND(P40+N41-O41,2) -> 0 | Q41: =ROUND(S40*Debts!$C$24/100/12,2) -> 0 | R41: =MIN(S40+Q41,Debts!$D$24+MAX(0,$D41-((F41-MIN(Debts!$D$20,G40+E41))+(I41-MIN(Debts!$D$21,J40+H41))+(L41-MIN(Debts!$D$22,M40+K41))+(O41-MIN(Debts!$D$23,P40+N41))))) -> 0 | S41: =ROUND(S40+Q41-R41,2) -> 0 | T41: =G41+J41+M41+P41+S41 -> 0 | U41: =E41+H41+K41+N41+Q41 -> 0 | V41: =F41+I41+L41+O41+R41 -> 0
A42: 36 | B42: =EDATE(Debts!$C$16,35) -> 47392 | C42: =IF(T41>0.005,1,0) -> 0 | D42: =ROUND(MAX(0,(SUM(Debts!$D$20:$D$24)+N(Debts!$C$15))-(MIN(Debts!$D$20,G41+E42)+MIN(Debts!$D$21,J41+H42)+MIN(Debts!$D$22,M41+K42)+MIN(Debts!$D$23,P41+N42)+MIN(Debts!$D$24,S41+Q42))),2)*C42 -> 0 | E42: =ROUND(G41*Debts!$C$20/100/12,2) -> 0 | F42: =MIN(G41+E42,Debts!$D$20+MAX(0,$D42-(0))) -> 0 | G42: =ROUND(G41+E42-F42,2) -> 0 | H42: =ROUND(J41*Debts!$C$21/100/12,2) -> 0 | I42: =MIN(J41+H42,Debts!$D$21+MAX(0,$D42-((F42-MIN(Debts!$D$20,G41+E42))))) -> 0 | J42: =ROUND(J41+H42-I42,2) -> 0 | K42: =ROUND(M41*Debts!$C$22/100/12,2) -> 0 | L42: =MIN(M41+K42,Debts!$D$22+MAX(0,$D42-((F42-MIN(Debts!$D$20,G41+E42))+(I42-MIN(Debts!$D$21,J41+H42))))) -> 0 | M42: =ROUND(M41+K42-L42,2) -> 0 | N42: =ROUND(P41*Debts!$C$23/100/12,2) -> 0 | O42: =MIN(P41+N42,Debts!$D$23+MAX(0,$D42-((F42-MIN(Debts!$D$20,G41+E42))+(I42-MIN(Debts!$D$21,J41+H42))+(L42-MIN(Debts!$D$22,M41+K42))))) -> 0 | P42: =ROUND(P41+N42-O42,2) -> 0 | Q42: =ROUND(S41*Debts!$C$24/100/12,2) -> 0 | R42: =MIN(S41+Q42,Debts!$D$24+MAX(0,$D42-((F42-MIN(Debts!$D$20,G41+E42))+(I42-MIN(Debts!$D$21,J41+H42))+(L42-MIN(Debts!$D$22,M41+K42))+(O42-MIN(Debts!$D$23,P41+N42))))) -> 0 | S42: =ROUND(S41+Q42-R42,2) -> 0 | T42: =G42+J42+M42+P42+S42 -> 0 | U42: =E42+H42+K42+N42+Q42 -> 0 | V42: =F42+I42+L42+O42+R42 -> 0
A43: 37 | B43: =EDATE(Debts!$C$16,36) -> 47423 | C43: =IF(T42>0.005,1,0) -> 0 | D43: =ROUND(MAX(0,(SUM(Debts!$D$20:$D$24)+N(Debts!$C$15))-(MIN(Debts!$D$20,G42+E43)+MIN(Debts!$D$21,J42+H43)+MIN(Debts!$D$22,M42+K43)+MIN(Debts!$D$23,P42+N43)+MIN(Debts!$D$24,S42+Q43))),2)*C43 -> 0 | E43: =ROUND(G42*Debts!$C$20/100/12,2) -> 0 | F43: =MIN(G42+E43,Debts!$D$20+MAX(0,$D43-(0))) -> 0 | G43: =ROUND(G42+E43-F43,2) -> 0 | H43: =ROUND(J42*Debts!$C$21/100/12,2) -> 0 | I43: =MIN(J42+H43,Debts!$D$21+MAX(0,$D43-((F43-MIN(Debts!$D$20,G42+E43))))) -> 0 | J43: =ROUND(J42+H43-I43,2) -> 0 | K43: =ROUND(M42*Debts!$C$22/100/12,2) -> 0 | L43: =MIN(M42+K43,Debts!$D$22+MAX(0,$D43-((F43-MIN(Debts!$D$20,G42+E43))+(I43-MIN(Debts!$D$21,J42+H43))))) -> 0 | M43: =ROUND(M42+K43-L43,2) -> 0 | N43: =ROUND(P42*Debts!$C$23/100/12,2) -> 0 | O43: =MIN(P42+N43,Debts!$D$23+MAX(0,$D43-((F43-MIN(Debts!$D$20,G42+E43))+(I43-MIN(Debts!$D$21,J42+H43))+(L43-MIN(Debts!$D$22,M42+K43))))) -> 0 | P43: =ROUND(P42+N43-O43,2) -> 0 | Q43: =ROUND(S42*Debts!$C$24/100/12,2) -> 0 | R43: =MIN(S42+Q43,Debts!$D$24+MAX(0,$D43-((F43-MIN(Debts!$D$20,G42+E43))+(I43-MIN(Debts!$D$21,J42+H43))+(L43-MIN(Debts!$D$22,M42+K43))+(O43-MIN(Debts!$D$23,P42+N43))))) -> 0 | S43: =ROUND(S42+Q43-R43,2) -> 0 | T43: =G43+J43+M43+P43+S43 -> 0 | U43: =E43+H43+K43+N43+Q43 -> 0 | V43: =F43+I43+L43+O43+R43 -> 0
A44: 38 | B44: =EDATE(Debts!$C$16,37) -> 47453 | C44: =IF(T43>0.005,1,0) -> 0 | D44: =ROUND(MAX(0,(SUM(Debts!$D$20:$D$24)+N(Debts!$C$15))-(MIN(Debts!$D$20,G43+E44)+MIN(Debts!$D$21,J43+H44)+MIN(Debts!$D$22,M43+K44)+MIN(Debts!$D$23,P43+N44)+MIN(Debts!$D$24,S43+Q44))),2)*C44 -> 0 | E44: =ROUND(G43*Debts!$C$20/100/12,2) -> 0 | F44: =MIN(G43+E44,Debts!$D$20+MAX(0,$D44-(0))) -> 0 | G44: =ROUND(G43+E44-F44,2) -> 0 | H44: =ROUND(J43*Debts!$C$21/100/12,2) -> 0 | I44: =MIN(J43+H44,Debts!$D$21+MAX(0,$D44-((F44-MIN(Debts!$D$20,G43+E44))))) -> 0 | J44: =ROUND(J43+H44-I44,2) -> 0 | K44: =ROUND(M43*Debts!$C$22/100/12,2) -> 0 | L44: =MIN(M43+K44,Debts!$D$22+MAX(0,$D44-((F44-MIN(Debts!$D$20,G43+E44))+(I44-MIN(Debts!$D$21,J43+H44))))) -> 0 | M44: =ROUND(M43+K44-L44,2) -> 0 | N44: =ROUND(P43*Debts!$C$23/100/12,2) -> 0 | O44: =MIN(P43+N44,Debts!$D$23+MAX(0,$D44-((F44-MIN(Debts!$D$20,G43+E44))+(I44-MIN(Debts!$D$21,J43+H44))+(L44-MIN(Debts!$D$22,M43+K44))))) -> 0 | P44: =ROUND(P43+N44-O44,2) -> 0 | Q44: =ROUND(S43*Debts!$C$24/100/12,2) -> 0 | R44: =MIN(S43+Q44,Debts!$D$24+MAX(0,$D44-((F44-MIN(Debts!$D$20,G43+E44))+(I44-MIN(Debts!$D$21,J43+H44))+(L44-MIN(Debts!$D$22,M43+K44))+(O44-MIN(Debts!$D$23,P43+N44))))) -> 0 | S44: =ROUND(S43+Q44-R44,2) -> 0 | T44: =G44+J44+M44+P44+S44 -> 0 | U44: =E44+H44+K44+N44+Q44 -> 0 | V44: =F44+I44+L44+O44+R44 -> 0
A45: 39 | B45: =EDATE(Debts!$C$16,38) -> 47484 | C45: =IF(T44>0.005,1,0) -> 0 | D45: =ROUND(MAX(0,(SUM(Debts!$D$20:$D$24)+N(Debts!$C$15))-(MIN(Debts!$D$20,G44+E45)+MIN(Debts!$D$21,J44+H45)+MIN(Debts!$D$22,M44+K45)+MIN(Debts!$D$23,P44+N45)+MIN(Debts!$D$24,S44+Q45))),2)*C45 -> 0 | E45: =ROUND(G44*Debts!$C$20/100/12,2) -> 0 | F45: =MIN(G44+E45,Debts!$D$20+MAX(0,$D45-(0))) -> 0 | G45: =ROUND(G44+E45-F45,2) -> 0 | H45: =ROUND(J44*Debts!$C$21/100/12,2) -> 0 | I45: =MIN(J44+H45,Debts!$D$21+MAX(0,$D45-((F45-MIN(Debts!$D$20,G44+E45))))) -> 0 | J45: =ROUND(J44+H45-I45,2) -> 0 | K45: =ROUND(M44*Debts!$C$22/100/12,2) -> 0 | L45: =MIN(M44+K45,Debts!$D$22+MAX(0,$D45-((F45-MIN(Debts!$D$20,G44+E45))+(I45-MIN(Debts!$D$21,J44+H45))))) -> 0 | M45: =ROUND(M44+K45-L45,2) -> 0 | N45: =ROUND(P44*Debts!$C$23/100/12,2) -> 0 | O45: =MIN(P44+N45,Debts!$D$23+MAX(0,$D45-((F45-MIN(Debts!$D$20,G44+E45))+(I45-MIN(Debts!$D$21,J44+H45))+(L45-MIN(Debts!$D$22,M44+K45))))) -> 0 | P45: =ROUND(P44+N45-O45,2) -> 0 | Q45: =ROUND(S44*Debts!$C$24/100/12,2) -> 0 | R45: =MIN(S44+Q45,Debts!$D$24+MAX(0,$D45-((F45-MIN(Debts!$D$20,G44+E45))+(I45-MIN(Debts!$D$21,J44+H45))+(L45-MIN(Debts!$D$22,M44+K45))+(O45-MIN(Debts!$D$23,P44+N45))))) -> 0 | S45: =ROUND(S44+Q45-R45,2) -> 0 | T45: =G45+J45+M45+P45+S45 -> 0 | U45: =E45+H45+K45+N45+Q45 -> 0 | V45: =F45+I45+L45+O45+R45 -> 0
A46: 40 | B46: =EDATE(Debts!$C$16,39) -> 47515 | C46: =IF(T45>0.005,1,0) -> 0 | D46: =ROUND(MAX(0,(SUM(Debts!$D$20:$D$24)+N(Debts!$C$15))-(MIN(Debts!$D$20,G45+E46)+MIN(Debts!$D$21,J45+H46)+MIN(Debts!$D$22,M45+K46)+MIN(Debts!$D$23,P45+N46)+MIN(Debts!$D$24,S45+Q46))),2)*C46 -> 0 | E46: =ROUND(G45*Debts!$C$20/100/12,2) -> 0 | F46: =MIN(G45+E46,Debts!$D$20+MAX(0,$D46-(0))) -> 0 | G46: =ROUND(G45+E46-F46,2) -> 0 | H46: =ROUND(J45*Debts!$C$21/100/12,2) -> 0 | I46: =MIN(J45+H46,Debts!$D$21+MAX(0,$D46-((F46-MIN(Debts!$D$20,G45+E46))))) -> 0 | J46: =ROUND(J45+H46-I46,2) -> 0 | K46: =ROUND(M45*Debts!$C$22/100/12,2) -> 0 | L46: =MIN(M45+K46,Debts!$D$22+MAX(0,$D46-((F46-MIN(Debts!$D$20,G45+E46))+(I46-MIN(Debts!$D$21,J45+H46))))) -> 0 | M46: =ROUND(M45+K46-L46,2) -> 0 | N46: =ROUND(P45*Debts!$C$23/100/12,2) -> 0 | O46: =MIN(P45+N46,Debts!$D$23+MAX(0,$D46-((F46-MIN(Debts!$D$20,G45+E46))+(I46-MIN(Debts!$D$21,J45+H46))+(L46-MIN(Debts!$D$22,M45+K46))))) -> 0 | P46: =ROUND(P45+N46-O46,2) -> 0 | Q46: =ROUND(S45*Debts!$C$24/100/12,2) -> 0 | R46: =MIN(S45+Q46,Debts!$D$24+MAX(0,$D46-((F46-MIN(Debts!$D$20,G45+E46))+(I46-MIN(Debts!$D$21,J45+H46))+(L46-MIN(Debts!$D$22,M45+K46))+(O46-MIN(Debts!$D$23,P45+N46))))) -> 0 | S46: =ROUND(S45+Q46-R46,2) -> 0 | T46: =G46+J46+M46+P46+S46 -> 0 | U46: =E46+H46+K46+N46+Q46 -> 0 | V46: =F46+I46+L46+O46+R46 -> 0
A47: 41 | B47: =EDATE(Debts!$C$16,40) -> 47543 | C47: =IF(T46>0.005,1,0) -> 0 | D47: =ROUND(MAX(0,(SUM(Debts!$D$20:$D$24)+N(Debts!$C$15))-(MIN(Debts!$D$20,G46+E47)+MIN(Debts!$D$21,J46+H47)+MIN(Debts!$D$22,M46+K47)+MIN(Debts!$D$23,P46+N47)+MIN(Debts!$D$24,S46+Q47))),2)*C47 -> 0 | E47: =ROUND(G46*Debts!$C$20/100/12,2) -> 0 | F47: =MIN(G46+E47,Debts!$D$20+MAX(0,$D47-(0))) -> 0 | G47: =ROUND(G46+E47-F47,2) -> 0 | H47: =ROUND(J46*Debts!$C$21/100/12,2) -> 0 | I47: =MIN(J46+H47,Debts!$D$21+MAX(0,$D47-((F47-MIN(Debts!$D$20,G46+E47))))) -> 0 | J47: =ROUND(J46+H47-I47,2) -> 0 | K47: =ROUND(M46*Debts!$C$22/100/12,2) -> 0 | L47: =MIN(M46+K47,Debts!$D$22+MAX(0,$D47-((F47-MIN(Debts!$D$20,G46+E47))+(I47-MIN(Debts!$D$21,J46+H47))))) -> 0 | M47: =ROUND(M46+K47-L47,2) -> 0 | N47: =ROUND(P46*Debts!$C$23/100/12,2) -> 0 | O47: =MIN(P46+N47,Debts!$D$23+MAX(0,$D47-((F47-MIN(Debts!$D$20,G46+E47))+(I47-MIN(Debts!$D$21,J46+H47))+(L47-MIN(Debts!$D$22,M46+K47))))) -> 0 | P47: =ROUND(P46+N47-O47,2) -> 0 | Q47: =ROUND(S46*Debts!$C$24/100/12,2) -> 0 | R47: =MIN(S46+Q47,Debts!$D$24+MAX(0,$D47-((F47-MIN(Debts!$D$20,G46+E47))+(I47-MIN(Debts!$D$21,J46+H47))+(L47-MIN(Debts!$D$22,M46+K47))+(O47-MIN(Debts!$D$23,P46+N47))))) -> 0 | S47: =ROUND(S46+Q47-R47,2) -> 0 | T47: =G47+J47+M47+P47+S47 -> 0 | U47: =E47+H47+K47+N47+Q47 -> 0 | V47: =F47+I47+L47+O47+R47 -> 0
A48: 42 | B48: =EDATE(Debts!$C$16,41) -> 47574 | C48: =IF(T47>0.005,1,0) -> 0 | D48: =ROUND(MAX(0,(SUM(Debts!$D$20:$D$24)+N(Debts!$C$15))-(MIN(Debts!$D$20,G47+E48)+MIN(Debts!$D$21,J47+H48)+MIN(Debts!$D$22,M47+K48)+MIN(Debts!$D$23,P47+N48)+MIN(Debts!$D$24,S47+Q48))),2)*C48 -> 0 | E48: =ROUND(G47*Debts!$C$20/100/12,2) -> 0 | F48: =MIN(G47+E48,Debts!$D$20+MAX(0,$D48-(0))) -> 0 | G48: =ROUND(G47+E48-F48,2) -> 0 | H48: =ROUND(J47*Debts!$C$21/100/12,2) -> 0 | I48: =MIN(J47+H48,Debts!$D$21+MAX(0,$D48-((F48-MIN(Debts!$D$20,G47+E48))))) -> 0 | J48: =ROUND(J47+H48-I48,2) -> 0 | K48: =ROUND(M47*Debts!$C$22/100/12,2) -> 0 | L48: =MIN(M47+K48,Debts!$D$22+MAX(0,$D48-((F48-MIN(Debts!$D$20,G47+E48))+(I48-MIN(Debts!$D$21,J47+H48))))) -> 0 | M48: =ROUND(M47+K48-L48,2) -> 0 | N48: =ROUND(P47*Debts!$C$23/100/12,2) -> 0 | O48: =MIN(P47+N48,Debts!$D$23+MAX(0,$D48-((F48-MIN(Debts!$D$20,G47+E48))+(I48-MIN(Debts!$D$21,J47+H48))+(L48-MIN(Debts!$D$22,M47+K48))))) -> 0 | P48: =ROUND(P47+N48-O48,2) -> 0 | Q48: =ROUND(S47*Debts!$C$24/100/12,2) -> 0 | R48: =MIN(S47+Q48,Debts!$D$24+MAX(0,$D48-((F48-MIN(Debts!$D$20,G47+E48))+(I48-MIN(Debts!$D$21,J47+H48))+(L48-MIN(Debts!$D$22,M47+K48))+(O48-MIN(Debts!$D$23,P47+N48))))) -> 0 | S48: =ROUND(S47+Q48-R48,2) -> 0 | T48: =G48+J48+M48+P48+S48 -> 0 | U48: =E48+H48+K48+N48+Q48 -> 0 | V48: =F48+I48+L48+O48+R48 -> 0
A49: 43 | B49: =EDATE(Debts!$C$16,42) -> 47604 | C49: =IF(T48>0.005,1,0) -> 0 | D49: =ROUND(MAX(0,(SUM(Debts!$D$20:$D$24)+N(Debts!$C$15))-(MIN(Debts!$D$20,G48+E49)+MIN(Debts!$D$21,J48+H49)+MIN(Debts!$D$22,M48+K49)+MIN(Debts!$D$23,P48+N49)+MIN(Debts!$D$24,S48+Q49))),2)*C49 -> 0 | E49: =ROUND(G48*Debts!$C$20/100/12,2) -> 0 | F49: =MIN(G48+E49,Debts!$D$20+MAX(0,$D49-(0))) -> 0 | G49: =ROUND(G48+E49-F49,2) -> 0 | H49: =ROUND(J48*Debts!$C$21/100/12,2) -> 0 | I49: =MIN(J48+H49,Debts!$D$21+MAX(0,$D49-((F49-MIN(Debts!$D$20,G48+E49))))) -> 0 | J49: =ROUND(J48+H49-I49,2) -> 0 | K49: =ROUND(M48*Debts!$C$22/100/12,2) -> 0 | L49: =MIN(M48+K49,Debts!$D$22+MAX(0,$D49-((F49-MIN(Debts!$D$20,G48+E49))+(I49-MIN(Debts!$D$21,J48+H49))))) -> 0 | M49: =ROUND(M48+K49-L49,2) -> 0 | N49: =ROUND(P48*Debts!$C$23/100/12,2) -> 0 | O49: =MIN(P48+N49,Debts!$D$23+MAX(0,$D49-((F49-MIN(Debts!$D$20,G48+E49))+(I49-MIN(Debts!$D$21,J48+H49))+(L49-MIN(Debts!$D$22,M48+K49))))) -> 0 | P49: =ROUND(P48+N49-O49,2) -> 0 | Q49: =ROUND(S48*Debts!$C$24/100/12,2) -> 0 | R49: =MIN(S48+Q49,Debts!$D$24+MAX(0,$D49-((F49-MIN(Debts!$D$20,G48+E49))+(I49-MIN(Debts!$D$21,J48+H49))+(L49-MIN(Debts!$D$22,M48+K49))+(O49-MIN(Debts!$D$23,P48+N49))))) -> 0 | S49: =ROUND(S48+Q49-R49,2) -> 0 | T49: =G49+J49+M49+P49+S49 -> 0 | U49: =E49+H49+K49+N49+Q49 -> 0 | V49: =F49+I49+L49+O49+R49 -> 0
A50: 44 | B50: =EDATE(Debts!$C$16,43) -> 47635 | C50: =IF(T49>0.005,1,0) -> 0 | D50: =ROUND(MAX(0,(SUM(Debts!$D$20:$D$24)+N(Debts!$C$15))-(MIN(Debts!$D$20,G49+E50)+MIN(Debts!$D$21,J49+H50)+MIN(Debts!$D$22,M49+K50)+MIN(Debts!$D$23,P49+N50)+MIN(Debts!$D$24,S49+Q50))),2)*C50 -> 0 | E50: =ROUND(G49*Debts!$C$20/100/12,2) -> 0 | F50: =MIN(G49+E50,Debts!$D$20+MAX(0,$D50-(0))) -> 0 | G50: =ROUND(G49+E50-F50,2) -> 0 | H50: =ROUND(J49*Debts!$C$21/100/12,2) -> 0 | I50: =MIN(J49+H50,Debts!$D$21+MAX(0,$D50-((F50-MIN(Debts!$D$20,G49+E50))))) -> 0 | J50: =ROUND(J49+H50-I50,2) -> 0 | K50: =ROUND(M49*Debts!$C$22/100/12,2) -> 0 | L50: =MIN(M49+K50,Debts!$D$22+MAX(0,$D50-((F50-MIN(Debts!$D$20,G49+E50))+(I50-MIN(Debts!$D$21,J49+H50))))) -> 0 | M50: =ROUND(M49+K50-L50,2) -> 0 | N50: =ROUND(P49*Debts!$C$23/100/12,2) -> 0 | O50: =MIN(P49+N50,Debts!$D$23+MAX(0,$D50-((F50-MIN(Debts!$D$20,G49+E50))+(I50-MIN(Debts!$D$21,J49+H50))+(L50-MIN(Debts!$D$22,M49+K50))))) -> 0 | P50: =ROUND(P49+N50-O50,2) -> 0 | Q50: =ROUND(S49*Debts!$C$24/100/12,2) -> 0 | R50: =MIN(S49+Q50,Debts!$D$24+MAX(0,$D50-((F50-MIN(Debts!$D$20,G49+E50))+(I50-MIN(Debts!$D$21,J49+H50))+(L50-MIN(Debts!$D$22,M49+K50))+(O50-MIN(Debts!$D$23,P49+N50))))) -> 0 | S50: =ROUND(S49+Q50-R50,2) -> 0 | T50: =G50+J50+M50+P50+S50 -> 0 | U50: =E50+H50+K50+N50+Q50 -> 0 | V50: =F50+I50+L50+O50+R50 -> 0
A51: 45 | B51: =EDATE(Debts!$C$16,44) -> 47665 | C51: =IF(T50>0.005,1,0) -> 0 | D51: =ROUND(MAX(0,(SUM(Debts!$D$20:$D$24)+N(Debts!$C$15))-(MIN(Debts!$D$20,G50+E51)+MIN(Debts!$D$21,J50+H51)+MIN(Debts!$D$22,M50+K51)+MIN(Debts!$D$23,P50+N51)+MIN(Debts!$D$24,S50+Q51))),2)*C51 -> 0 | E51: =ROUND(G50*Debts!$C$20/100/12,2) -> 0 | F51: =MIN(G50+E51,Debts!$D$20+MAX(0,$D51-(0))) -> 0 | G51: =ROUND(G50+E51-F51,2) -> 0 | H51: =ROUND(J50*Debts!$C$21/100/12,2) -> 0 | I51: =MIN(J50+H51,Debts!$D$21+MAX(0,$D51-((F51-MIN(Debts!$D$20,G50+E51))))) -> 0 | J51: =ROUND(J50+H51-I51,2) -> 0 | K51: =ROUND(M50*Debts!$C$22/100/12,2) -> 0 | L51: =MIN(M50+K51,Debts!$D$22+MAX(0,$D51-((F51-MIN(Debts!$D$20,G50+E51))+(I51-MIN(Debts!$D$21,J50+H51))))) -> 0 | M51: =ROUND(M50+K51-L51,2) -> 0 | N51: =ROUND(P50*Debts!$C$23/100/12,2) -> 0 | O51: =MIN(P50+N51,Debts!$D$23+MAX(0,$D51-((F51-MIN(Debts!$D$20,G50+E51))+(I51-MIN(Debts!$D$21,J50+H51))+(L51-MIN(Debts!$D$22,M50+K51))))) -> 0 | P51: =ROUND(P50+N51-O51,2) -> 0 | Q51: =ROUND(S50*Debts!$C$24/100/12,2) -> 0 | R51: =MIN(S50+Q51,Debts!$D$24+MAX(0,$D51-((F51-MIN(Debts!$D$20,G50+E51))+(I51-MIN(Debts!$D$21,J50+H51))+(L51-MIN(Debts!$D$22,M50+K51))+(O51-MIN(Debts!$D$23,P50+N51))))) -> 0 | S51: =ROUND(S50+Q51-R51,2) -> 0 | T51: =G51+J51+M51+P51+S51 -> 0 | U51: =E51+H51+K51+N51+Q51 -> 0 | V51: =F51+I51+L51+O51+R51 -> 0
A52: 46 | B52: =EDATE(Debts!$C$16,45) -> 47696 | C52: =IF(T51>0.005,1,0) -> 0 | D52: =ROUND(MAX(0,(SUM(Debts!$D$20:$D$24)+N(Debts!$C$15))-(MIN(Debts!$D$20,G51+E52)+MIN(Debts!$D$21,J51+H52)+MIN(Debts!$D$22,M51+K52)+MIN(Debts!$D$23,P51+N52)+MIN(Debts!$D$24,S51+Q52))),2)*C52 -> 0 | E52: =ROUND(G51*Debts!$C$20/100/12,2) -> 0 | F52: =MIN(G51+E52,Debts!$D$20+MAX(0,$D52-(0))) -> 0 | G52: =ROUND(G51+E52-F52,2) -> 0 | H52: =ROUND(J51*Debts!$C$21/100/12,2) -> 0 | I52: =MIN(J51+H52,Debts!$D$21+MAX(0,$D52-((F52-MIN(Debts!$D$20,G51+E52))))) -> 0 | J52: =ROUND(J51+H52-I52,2) -> 0 | K52: =ROUND(M51*Debts!$C$22/100/12,2) -> 0 | L52: =MIN(M51+K52,Debts!$D$22+MAX(0,$D52-((F52-MIN(Debts!$D$20,G51+E52))+(I52-MIN(Debts!$D$21,J51+H52))))) -> 0 | M52: =ROUND(M51+K52-L52,2) -> 0 | N52: =ROUND(P51*Debts!$C$23/100/12,2) -> 0 | O52: =MIN(P51+N52,Debts!$D$23+MAX(0,$D52-((F52-MIN(Debts!$D$20,G51+E52))+(I52-MIN(Debts!$D$21,J51+H52))+(L52-MIN(Debts!$D$22,M51+K52))))) -> 0 | P52: =ROUND(P51+N52-O52,2) -> 0 | Q52: =ROUND(S51*Debts!$C$24/100/12,2) -> 0 | R52: =MIN(S51+Q52,Debts!$D$24+MAX(0,$D52-((F52-MIN(Debts!$D$20,G51+E52))+(I52-MIN(Debts!$D$21,J51+H52))+(L52-MIN(Debts!$D$22,M51+K52))+(O52-MIN(Debts!$D$23,P51+N52))))) -> 0 | S52: =ROUND(S51+Q52-R52,2) -> 0 | T52: =G52+J52+M52+P52+S52 -> 0 | U52: =E52+H52+K52+N52+Q52 -> 0 | V52: =F52+I52+L52+O52+R52 -> 0
A53: 47 | B53: =EDATE(Debts!$C$16,46) -> 47727 | C53: =IF(T52>0.005,1,0) -> 0 | D53: =ROUND(MAX(0,(SUM(Debts!$D$20:$D$24)+N(Debts!$C$15))-(MIN(Debts!$D$20,G52+E53)+MIN(Debts!$D$21,J52+H53)+MIN(Debts!$D$22,M52+K53)+MIN(Debts!$D$23,P52+N53)+MIN(Debts!$D$24,S52+Q53))),2)*C53 -> 0 | E53: =ROUND(G52*Debts!$C$20/100/12,2) -> 0 | F53: =MIN(G52+E53,Debts!$D$20+MAX(0,$D53-(0))) -> 0 | G53: =ROUND(G52+E53-F53,2) -> 0 | H53: =ROUND(J52*Debts!$C$21/100/12,2) -> 0 | I53: =MIN(J52+H53,Debts!$D$21+MAX(0,$D53-((F53-MIN(Debts!$D$20,G52+E53))))) -> 0 | J53: =ROUND(J52+H53-I53,2) -> 0 | K53: =ROUND(M52*Debts!$C$22/100/12,2) -> 0 | L53: =MIN(M52+K53,Debts!$D$22+MAX(0,$D53-((F53-MIN(Debts!$D$20,G52+E53))+(I53-MIN(Debts!$D$21,J52+H53))))) -> 0 | M53: =ROUND(M52+K53-L53,2) -> 0 | N53: =ROUND(P52*Debts!$C$23/100/12,2) -> 0 | O53: =MIN(P52+N53,Debts!$D$23+MAX(0,$D53-((F53-MIN(Debts!$D$20,G52+E53))+(I53-MIN(Debts!$D$21,J52+H53))+(L53-MIN(Debts!$D$22,M52+K53))))) -> 0 | P53: =ROUND(P52+N53-O53,2) -> 0 | Q53: =ROUND(S52*Debts!$C$24/100/12,2) -> 0 | R53: =MIN(S52+Q53,Debts!$D$24+MAX(0,$D53-((F53-MIN(Debts!$D$20,G52+E53))+(I53-MIN(Debts!$D$21,J52+H53))+(L53-MIN(Debts!$D$22,M52+K53))+(O53-MIN(Debts!$D$23,P52+N53))))) -> 0 | S53: =ROUND(S52+Q53-R53,2) -> 0 | T53: =G53+J53+M53+P53+S53 -> 0 | U53: =E53+H53+K53+N53+Q53 -> 0 | V53: =F53+I53+L53+O53+R53 -> 0
A54: 48 | B54: =EDATE(Debts!$C$16,47) -> 47757 | C54: =IF(T53>0.005,1,0) -> 0 | D54: =ROUND(MAX(0,(SUM(Debts!$D$20:$D$24)+N(Debts!$C$15))-(MIN(Debts!$D$20,G53+E54)+MIN(Debts!$D$21,J53+H54)+MIN(Debts!$D$22,M53+K54)+MIN(Debts!$D$23,P53+N54)+MIN(Debts!$D$24,S53+Q54))),2)*C54 -> 0 | E54: =ROUND(G53*Debts!$C$20/100/12,2) -> 0 | F54: =MIN(G53+E54,Debts!$D$20+MAX(0,$D54-(0))) -> 0 | G54: =ROUND(G53+E54-F54,2) -> 0 | H54: =ROUND(J53*Debts!$C$21/100/12,2) -> 0 | I54: =MIN(J53+H54,Debts!$D$21+MAX(0,$D54-((F54-MIN(Debts!$D$20,G53+E54))))) -> 0 | J54: =ROUND(J53+H54-I54,2) -> 0 | K54: =ROUND(M53*Debts!$C$22/100/12,2) -> 0 | L54: =MIN(M53+K54,Debts!$D$22+MAX(0,$D54-((F54-MIN(Debts!$D$20,G53+E54))+(I54-MIN(Debts!$D$21,J53+H54))))) -> 0 | M54: =ROUND(M53+K54-L54,2) -> 0 | N54: =ROUND(P53*Debts!$C$23/100/12,2) -> 0 | O54: =MIN(P53+N54,Debts!$D$23+MAX(0,$D54-((F54-MIN(Debts!$D$20,G53+E54))+(I54-MIN(Debts!$D$21,J53+H54))+(L54-MIN(Debts!$D$22,M53+K54))))) -> 0 | P54: =ROUND(P53+N54-O54,2) -> 0 | Q54: =ROUND(S53*Debts!$C$24/100/12,2) -> 0 | R54: =MIN(S53+Q54,Debts!$D$24+MAX(0,$D54-((F54-MIN(Debts!$D$20,G53+E54))+(I54-MIN(Debts!$D$21,J53+H54))+(L54-MIN(Debts!$D$22,M53+K54))+(O54-MIN(Debts!$D$23,P53+N54))))) -> 0 | S54: =ROUND(S53+Q54-R54,2) -> 0 | T54: =G54+J54+M54+P54+S54 -> 0 | U54: =E54+H54+K54+N54+Q54 -> 0 | V54: =F54+I54+L54+O54+R54 -> 0
A55: 49 | B55: =EDATE(Debts!$C$16,48) -> 47788 | C55: =IF(T54>0.005,1,0) -> 0 | D55: =ROUND(MAX(0,(SUM(Debts!$D$20:$D$24)+N(Debts!$C$15))-(MIN(Debts!$D$20,G54+E55)+MIN(Debts!$D$21,J54+H55)+MIN(Debts!$D$22,M54+K55)+MIN(Debts!$D$23,P54+N55)+MIN(Debts!$D$24,S54+Q55))),2)*C55 -> 0 | E55: =ROUND(G54*Debts!$C$20/100/12,2) -> 0 | F55: =MIN(G54+E55,Debts!$D$20+MAX(0,$D55-(0))) -> 0 | G55: =ROUND(G54+E55-F55,2) -> 0 | H55: =ROUND(J54*Debts!$C$21/100/12,2) -> 0 | I55: =MIN(J54+H55,Debts!$D$21+MAX(0,$D55-((F55-MIN(Debts!$D$20,G54+E55))))) -> 0 | J55: =ROUND(J54+H55-I55,2) -> 0 | K55: =ROUND(M54*Debts!$C$22/100/12,2) -> 0 | L55: =MIN(M54+K55,Debts!$D$22+MAX(0,$D55-((F55-MIN(Debts!$D$20,G54+E55))+(I55-MIN(Debts!$D$21,J54+H55))))) -> 0 | M55: =ROUND(M54+K55-L55,2) -> 0 | N55: =ROUND(P54*Debts!$C$23/100/12,2) -> 0 | O55: =MIN(P54+N55,Debts!$D$23+MAX(0,$D55-((F55-MIN(Debts!$D$20,G54+E55))+(I55-MIN(Debts!$D$21,J54+H55))+(L55-MIN(Debts!$D$22,M54+K55))))) -> 0 | P55: =ROUND(P54+N55-O55,2) -> 0 | Q55: =ROUND(S54*Debts!$C$24/100/12,2) -> 0 | R55: =MIN(S54+Q55,Debts!$D$24+MAX(0,$D55-((F55-MIN(Debts!$D$20,G54+E55))+(I55-MIN(Debts!$D$21,J54+H55))+(L55-MIN(Debts!$D$22,M54+K55))+(O55-MIN(Debts!$D$23,P54+N55))))) -> 0 | S55: =ROUND(S54+Q55-R55,2) -> 0 | T55: =G55+J55+M55+P55+S55 -> 0 | U55: =E55+H55+K55+N55+Q55 -> 0 | V55: =F55+I55+L55+O55+R55 -> 0
A56: 50 | B56: =EDATE(Debts!$C$16,49) -> 47818 | C56: =IF(T55>0.005,1,0) -> 0 | D56: =ROUND(MAX(0,(SUM(Debts!$D$20:$D$24)+N(Debts!$C$15))-(MIN(Debts!$D$20,G55+E56)+MIN(Debts!$D$21,J55+H56)+MIN(Debts!$D$22,M55+K56)+MIN(Debts!$D$23,P55+N56)+MIN(Debts!$D$24,S55+Q56))),2)*C56 -> 0 | E56: =ROUND(G55*Debts!$C$20/100/12,2) -> 0 | F56: =MIN(G55+E56,Debts!$D$20+MAX(0,$D56-(0))) -> 0 | G56: =ROUND(G55+E56-F56,2) -> 0 | H56: =ROUND(J55*Debts!$C$21/100/12,2) -> 0 | I56: =MIN(J55+H56,Debts!$D$21+MAX(0,$D56-((F56-MIN(Debts!$D$20,G55+E56))))) -> 0 | J56: =ROUND(J55+H56-I56,2) -> 0 | K56: =ROUND(M55*Debts!$C$22/100/12,2) -> 0 | L56: =MIN(M55+K56,Debts!$D$22+MAX(0,$D56-((F56-MIN(Debts!$D$20,G55+E56))+(I56-MIN(Debts!$D$21,J55+H56))))) -> 0 | M56: =ROUND(M55+K56-L56,2) -> 0 | N56: =ROUND(P55*Debts!$C$23/100/12,2) -> 0 | O56: =MIN(P55+N56,Debts!$D$23+MAX(0,$D56-((F56-MIN(Debts!$D$20,G55+E56))+(I56-MIN(Debts!$D$21,J55+H56))+(L56-MIN(Debts!$D$22,M55+K56))))) -> 0 | P56: =ROUND(P55+N56-O56,2) -> 0 | Q56: =ROUND(S55*Debts!$C$24/100/12,2) -> 0 | R56: =MIN(S55+Q56,Debts!$D$24+MAX(0,$D56-((F56-MIN(Debts!$D$20,G55+E56))+(I56-MIN(Debts!$D$21,J55+H56))+(L56-MIN(Debts!$D$22,M55+K56))+(O56-MIN(Debts!$D$23,P55+N56))))) -> 0 | S56: =ROUND(S55+Q56-R56,2) -> 0 | T56: =G56+J56+M56+P56+S56 -> 0 | U56: =E56+H56+K56+N56+Q56 -> 0 | V56: =F56+I56+L56+O56+R56 -> 0
A57: 51 | B57: =EDATE(Debts!$C$16,50) -> 47849 | C57: =IF(T56>0.005,1,0) -> 0 | D57: =ROUND(MAX(0,(SUM(Debts!$D$20:$D$24)+N(Debts!$C$15))-(MIN(Debts!$D$20,G56+E57)+MIN(Debts!$D$21,J56+H57)+MIN(Debts!$D$22,M56+K57)+MIN(Debts!$D$23,P56+N57)+MIN(Debts!$D$24,S56+Q57))),2)*C57 -> 0 | E57: =ROUND(G56*Debts!$C$20/100/12,2) -> 0 | F57: =MIN(G56+E57,Debts!$D$20+MAX(0,$D57-(0))) -> 0 | G57: =ROUND(G56+E57-F57,2) -> 0 | H57: =ROUND(J56*Debts!$C$21/100/12,2) -> 0 | I57: =MIN(J56+H57,Debts!$D$21+MAX(0,$D57-((F57-MIN(Debts!$D$20,G56+E57))))) -> 0 | J57: =ROUND(J56+H57-I57,2) -> 0 | K57: =ROUND(M56*Debts!$C$22/100/12,2) -> 0 | L57: =MIN(M56+K57,Debts!$D$22+MAX(0,$D57-((F57-MIN(Debts!$D$20,G56+E57))+(I57-MIN(Debts!$D$21,J56+H57))))) -> 0 | M57: =ROUND(M56+K57-L57,2) -> 0 | N57: =ROUND(P56*Debts!$C$23/100/12,2) -> 0 | O57: =MIN(P56+N57,Debts!$D$23+MAX(0,$D57-((F57-MIN(Debts!$D$20,G56+E57))+(I57-MIN(Debts!$D$21,J56+H57))+(L57-MIN(Debts!$D$22,M56+K57))))) -> 0 | P57: =ROUND(P56+N57-O57,2) -> 0 | Q57: =ROUND(S56*Debts!$C$24/100/12,2) -> 0 | R57: =MIN(S56+Q57,Debts!$D$24+MAX(0,$D57-((F57-MIN(Debts!$D$20,G56+E57))+(I57-MIN(Debts!$D$21,J56+H57))+(L57-MIN(Debts!$D$22,M56+K57))+(O57-MIN(Debts!$D$23,P56+N57))))) -> 0 | S57: =ROUND(S56+Q57-R57,2) -> 0 | T57: =G57+J57+M57+P57+S57 -> 0 | U57: =E57+H57+K57+N57+Q57 -> 0 | V57: =F57+I57+L57+O57+R57 -> 0
A58: 52 | B58: =EDATE(Debts!$C$16,51) -> 47880 | C58: =IF(T57>0.005,1,0) -> 0 | D58: =ROUND(MAX(0,(SUM(Debts!$D$20:$D$24)+N(Debts!$C$15))-(MIN(Debts!$D$20,G57+E58)+MIN(Debts!$D$21,J57+H58)+MIN(Debts!$D$22,M57+K58)+MIN(Debts!$D$23,P57+N58)+MIN(Debts!$D$24,S57+Q58))),2)*C58 -> 0 | E58: =ROUND(G57*Debts!$C$20/100/12,2) -> 0 | F58: =MIN(G57+E58,Debts!$D$20+MAX(0,$D58-(0))) -> 0 | G58: =ROUND(G57+E58-F58,2) -> 0 | H58: =ROUND(J57*Debts!$C$21/100/12,2) -> 0 | I58: =MIN(J57+H58,Debts!$D$21+MAX(0,$D58-((F58-MIN(Debts!$D$20,G57+E58))))) -> 0 | J58: =ROUND(J57+H58-I58,2) -> 0 | K58: =ROUND(M57*Debts!$C$22/100/12,2) -> 0 | L58: =MIN(M57+K58,Debts!$D$22+MAX(0,$D58-((F58-MIN(Debts!$D$20,G57+E58))+(I58-MIN(Debts!$D$21,J57+H58))))) -> 0 | M58: =ROUND(M57+K58-L58,2) -> 0 | N58: =ROUND(P57*Debts!$C$23/100/12,2) -> 0 | O58: =MIN(P57+N58,Debts!$D$23+MAX(0,$D58-((F58-MIN(Debts!$D$20,G57+E58))+(I58-MIN(Debts!$D$21,J57+H58))+(L58-MIN(Debts!$D$22,M57+K58))))) -> 0 | P58: =ROUND(P57+N58-O58,2) -> 0 | Q58: =ROUND(S57*Debts!$C$24/100/12,2) -> 0 | R58: =MIN(S57+Q58,Debts!$D$24+MAX(0,$D58-((F58-MIN(Debts!$D$20,G57+E58))+(I58-MIN(Debts!$D$21,J57+H58))+(L58-MIN(Debts!$D$22,M57+K58))+(O58-MIN(Debts!$D$23,P57+N58))))) -> 0 | S58: =ROUND(S57+Q58-R58,2) -> 0 | T58: =G58+J58+M58+P58+S58 -> 0 | U58: =E58+H58+K58+N58+Q58 -> 0 | V58: =F58+I58+L58+O58+R58 -> 0
A59: 53 | B59: =EDATE(Debts!$C$16,52) -> 47908 | C59: =IF(T58>0.005,1,0) -> 0 | D59: =ROUND(MAX(0,(SUM(Debts!$D$20:$D$24)+N(Debts!$C$15))-(MIN(Debts!$D$20,G58+E59)+MIN(Debts!$D$21,J58+H59)+MIN(Debts!$D$22,M58+K59)+MIN(Debts!$D$23,P58+N59)+MIN(Debts!$D$24,S58+Q59))),2)*C59 -> 0 | E59: =ROUND(G58*Debts!$C$20/100/12,2) -> 0 | F59: =MIN(G58+E59,Debts!$D$20+MAX(0,$D59-(0))) -> 0 | G59: =ROUND(G58+E59-F59,2) -> 0 | H59: =ROUND(J58*Debts!$C$21/100/12,2) -> 0 | I59: =MIN(J58+H59,Debts!$D$21+MAX(0,$D59-((F59-MIN(Debts!$D$20,G58+E59))))) -> 0 | J59: =ROUND(J58+H59-I59,2) -> 0 | K59: =ROUND(M58*Debts!$C$22/100/12,2) -> 0 | L59: =MIN(M58+K59,Debts!$D$22+MAX(0,$D59-((F59-MIN(Debts!$D$20,G58+E59))+(I59-MIN(Debts!$D$21,J58+H59))))) -> 0 | M59: =ROUND(M58+K59-L59,2) -> 0 | N59: =ROUND(P58*Debts!$C$23/100/12,2) -> 0 | O59: =MIN(P58+N59,Debts!$D$23+MAX(0,$D59-((F59-MIN(Debts!$D$20,G58+E59))+(I59-MIN(Debts!$D$21,J58+H59))+(L59-MIN(Debts!$D$22,M58+K59))))) -> 0 | P59: =ROUND(P58+N59-O59,2) -> 0 | Q59: =ROUND(S58*Debts!$C$24/100/12,2) -> 0 | R59: =MIN(S58+Q59,Debts!$D$24+MAX(0,$D59-((F59-MIN(Debts!$D$20,G58+E59))+(I59-MIN(Debts!$D$21,J58+H59))+(L59-MIN(Debts!$D$22,M58+K59))+(O59-MIN(Debts!$D$23,P58+N59))))) -> 0 | S59: =ROUND(S58+Q59-R59,2) -> 0 | T59: =G59+J59+M59+P59+S59 -> 0 | U59: =E59+H59+K59+N59+Q59 -> 0 | V59: =F59+I59+L59+O59+R59 -> 0
A60: 54 | B60: =EDATE(Debts!$C$16,53) -> 47939 | C60: =IF(T59>0.005,1,0) -> 0 | D60: =ROUND(MAX(0,(SUM(Debts!$D$20:$D$24)+N(Debts!$C$15))-(MIN(Debts!$D$20,G59+E60)+MIN(Debts!$D$21,J59+H60)+MIN(Debts!$D$22,M59+K60)+MIN(Debts!$D$23,P59+N60)+MIN(Debts!$D$24,S59+Q60))),2)*C60 -> 0 | E60: =ROUND(G59*Debts!$C$20/100/12,2) -> 0 | F60: =MIN(G59+E60,Debts!$D$20+MAX(0,$D60-(0))) -> 0 | G60: =ROUND(G59+E60-F60,2) -> 0 | H60: =ROUND(J59*Debts!$C$21/100/12,2) -> 0 | I60: =MIN(J59+H60,Debts!$D$21+MAX(0,$D60-((F60-MIN(Debts!$D$20,G59+E60))))) -> 0 | J60: =ROUND(J59+H60-I60,2) -> 0 | K60: =ROUND(M59*Debts!$C$22/100/12,2) -> 0 | L60: =MIN(M59+K60,Debts!$D$22+MAX(0,$D60-((F60-MIN(Debts!$D$20,G59+E60))+(I60-MIN(Debts!$D$21,J59+H60))))) -> 0 | M60: =ROUND(M59+K60-L60,2) -> 0 | N60: =ROUND(P59*Debts!$C$23/100/12,2) -> 0 | O60: =MIN(P59+N60,Debts!$D$23+MAX(0,$D60-((F60-MIN(Debts!$D$20,G59+E60))+(I60-MIN(Debts!$D$21,J59+H60))+(L60-MIN(Debts!$D$22,M59+K60))))) -> 0 | P60: =ROUND(P59+N60-O60,2) -> 0 | Q60: =ROUND(S59*Debts!$C$24/100/12,2) -> 0 | R60: =MIN(S59+Q60,Debts!$D$24+MAX(0,$D60-((F60-MIN(Debts!$D$20,G59+E60))+(I60-MIN(Debts!$D$21,J59+H60))+(L60-MIN(Debts!$D$22,M59+K60))+(O60-MIN(Debts!$D$23,P59+N60))))) -> 0 | S60: =ROUND(S59+Q60-R60,2) -> 0 | T60: =G60+J60+M60+P60+S60 -> 0 | U60: =E60+H60+K60+N60+Q60 -> 0 | V60: =F60+I60+L60+O60+R60 -> 0
A61: 55 | B61: =EDATE(Debts!$C$16,54) -> 47969 | C61: =IF(T60>0.005,1,0) -> 0 | D61: =ROUND(MAX(0,(SUM(Debts!$D$20:$D$24)+N(Debts!$C$15))-(MIN(Debts!$D$20,G60+E61)+MIN(Debts!$D$21,J60+H61)+MIN(Debts!$D$22,M60+K61)+MIN(Debts!$D$23,P60+N61)+MIN(Debts!$D$24,S60+Q61))),2)*C61 -> 0 | E61: =ROUND(G60*Debts!$C$20/100/12,2) -> 0 | F61: =MIN(G60+E61,Debts!$D$20+MAX(0,$D61-(0))) -> 0 | G61: =ROUND(G60+E61-F61,2) -> 0 | H61: =ROUND(J60*Debts!$C$21/100/12,2) -> 0 | I61: =MIN(J60+H61,Debts!$D$21+MAX(0,$D61-((F61-MIN(Debts!$D$20,G60+E61))))) -> 0 | J61: =ROUND(J60+H61-I61,2) -> 0 | K61: =ROUND(M60*Debts!$C$22/100/12,2) -> 0 | L61: =MIN(M60+K61,Debts!$D$22+MAX(0,$D61-((F61-MIN(Debts!$D$20,G60+E61))+(I61-MIN(Debts!$D$21,J60+H61))))) -> 0 | M61: =ROUND(M60+K61-L61,2) -> 0 | N61: =ROUND(P60*Debts!$C$23/100/12,2) -> 0 | O61: =MIN(P60+N61,Debts!$D$23+MAX(0,$D61-((F61-MIN(Debts!$D$20,G60+E61))+(I61-MIN(Debts!$D$21,J60+H61))+(L61-MIN(Debts!$D$22,M60+K61))))) -> 0 | P61: =ROUND(P60+N61-O61,2) -> 0 | Q61: =ROUND(S60*Debts!$C$24/100/12,2) -> 0 | R61: =MIN(S60+Q61,Debts!$D$24+MAX(0,$D61-((F61-MIN(Debts!$D$20,G60+E61))+(I61-MIN(Debts!$D$21,J60+H61))+(L61-MIN(Debts!$D$22,M60+K61))+(O61-MIN(Debts!$D$23,P60+N61))))) -> 0 | S61: =ROUND(S60+Q61-R61,2) -> 0 | T61: =G61+J61+M61+P61+S61 -> 0 | U61: =E61+H61+K61+N61+Q61 -> 0 | V61: =F61+I61+L61+O61+R61 -> 0
A62: 56 | B62: =EDATE(Debts!$C$16,55) -> 48000 | C62: =IF(T61>0.005,1,0) -> 0 | D62: =ROUND(MAX(0,(SUM(Debts!$D$20:$D$24)+N(Debts!$C$15))-(MIN(Debts!$D$20,G61+E62)+MIN(Debts!$D$21,J61+H62)+MIN(Debts!$D$22,M61+K62)+MIN(Debts!$D$23,P61+N62)+MIN(Debts!$D$24,S61+Q62))),2)*C62 -> 0 | E62: =ROUND(G61*Debts!$C$20/100/12,2) -> 0 | F62: =MIN(G61+E62,Debts!$D$20+MAX(0,$D62-(0))) -> 0 | G62: =ROUND(G61+E62-F62,2) -> 0 | H62: =ROUND(J61*Debts!$C$21/100/12,2) -> 0 | I62: =MIN(J61+H62,Debts!$D$21+MAX(0,$D62-((F62-MIN(Debts!$D$20,G61+E62))))) -> 0 | J62: =ROUND(J61+H62-I62,2) -> 0 | K62: =ROUND(M61*Debts!$C$22/100/12,2) -> 0 | L62: =MIN(M61+K62,Debts!$D$22+MAX(0,$D62-((F62-MIN(Debts!$D$20,G61+E62))+(I62-MIN(Debts!$D$21,J61+H62))))) -> 0 | M62: =ROUND(M61+K62-L62,2) -> 0 | N62: =ROUND(P61*Debts!$C$23/100/12,2) -> 0 | O62: =MIN(P61+N62,Debts!$D$23+MAX(0,$D62-((F62-MIN(Debts!$D$20,G61+E62))+(I62-MIN(Debts!$D$21,J61+H62))+(L62-MIN(Debts!$D$22,M61+K62))))) -> 0 | P62: =ROUND(P61+N62-O62,2) -> 0 | Q62: =ROUND(S61*Debts!$C$24/100/12,2) -> 0 | R62: =MIN(S61+Q62,Debts!$D$24+MAX(0,$D62-((F62-MIN(Debts!$D$20,G61+E62))+(I62-MIN(Debts!$D$21,J61+H62))+(L62-MIN(Debts!$D$22,M61+K62))+(O62-MIN(Debts!$D$23,P61+N62))))) -> 0 | S62: =ROUND(S61+Q62-R62,2) -> 0 | T62: =G62+J62+M62+P62+S62 -> 0 | U62: =E62+H62+K62+N62+Q62 -> 0 | V62: =F62+I62+L62+O62+R62 -> 0
A63: 57 | B63: =EDATE(Debts!$C$16,56) -> 48030 | C63: =IF(T62>0.005,1,0) -> 0 | D63: =ROUND(MAX(0,(SUM(Debts!$D$20:$D$24)+N(Debts!$C$15))-(MIN(Debts!$D$20,G62+E63)+MIN(Debts!$D$21,J62+H63)+MIN(Debts!$D$22,M62+K63)+MIN(Debts!$D$23,P62+N63)+MIN(Debts!$D$24,S62+Q63))),2)*C63 -> 0 | E63: =ROUND(G62*Debts!$C$20/100/12,2) -> 0 | F63: =MIN(G62+E63,Debts!$D$20+MAX(0,$D63-(0))) -> 0 | G63: =ROUND(G62+E63-F63,2) -> 0 | H63: =ROUND(J62*Debts!$C$21/100/12,2) -> 0 | I63: =MIN(J62+H63,Debts!$D$21+MAX(0,$D63-((F63-MIN(Debts!$D$20,G62+E63))))) -> 0 | J63: =ROUND(J62+H63-I63,2) -> 0 | K63: =ROUND(M62*Debts!$C$22/100/12,2) -> 0 | L63: =MIN(M62+K63,Debts!$D$22+MAX(0,$D63-((F63-MIN(Debts!$D$20,G62+E63))+(I63-MIN(Debts!$D$21,J62+H63))))) -> 0 | M63: =ROUND(M62+K63-L63,2) -> 0 | N63: =ROUND(P62*Debts!$C$23/100/12,2) -> 0 | O63: =MIN(P62+N63,Debts!$D$23+MAX(0,$D63-((F63-MIN(Debts!$D$20,G62+E63))+(I63-MIN(Debts!$D$21,J62+H63))+(L63-MIN(Debts!$D$22,M62+K63))))) -> 0 | P63: =ROUND(P62+N63-O63,2) -> 0 | Q63: =ROUND(S62*Debts!$C$24/100/12,2) -> 0 | R63: =MIN(S62+Q63,Debts!$D$24+MAX(0,$D63-((F63-MIN(Debts!$D$20,G62+E63))+(I63-MIN(Debts!$D$21,J62+H63))+(L63-MIN(Debts!$D$22,M62+K63))+(O63-MIN(Debts!$D$23,P62+N63))))) -> 0 | S63: =ROUND(S62+Q63-R63,2) -> 0 | T63: =G63+J63+M63+P63+S63 -> 0 | U63: =E63+H63+K63+N63+Q63 -> 0 | V63: =F63+I63+L63+O63+R63 -> 0
A64: 58 | B64: =EDATE(Debts!$C$16,57) -> 48061 | C64: =IF(T63>0.005,1,0) -> 0 | D64: =ROUND(MAX(0,(SUM(Debts!$D$20:$D$24)+N(Debts!$C$15))-(MIN(Debts!$D$20,G63+E64)+MIN(Debts!$D$21,J63+H64)+MIN(Debts!$D$22,M63+K64)+MIN(Debts!$D$23,P63+N64)+MIN(Debts!$D$24,S63+Q64))),2)*C64 -> 0 | E64: =ROUND(G63*Debts!$C$20/100/12,2) -> 0 | F64: =MIN(G63+E64,Debts!$D$20+MAX(0,$D64-(0))) -> 0 | G64: =ROUND(G63+E64-F64,2) -> 0 | H64: =ROUND(J63*Debts!$C$21/100/12,2) -> 0 | I64: =MIN(J63+H64,Debts!$D$21+MAX(0,$D64-((F64-MIN(Debts!$D$20,G63+E64))))) -> 0 | J64: =ROUND(J63+H64-I64,2) -> 0 | K64: =ROUND(M63*Debts!$C$22/100/12,2) -> 0 | L64: =MIN(M63+K64,Debts!$D$22+MAX(0,$D64-((F64-MIN(Debts!$D$20,G63+E64))+(I64-MIN(Debts!$D$21,J63+H64))))) -> 0 | M64: =ROUND(M63+K64-L64,2) -> 0 | N64: =ROUND(P63*Debts!$C$23/100/12,2) -> 0 | O64: =MIN(P63+N64,Debts!$D$23+MAX(0,$D64-((F64-MIN(Debts!$D$20,G63+E64))+(I64-MIN(Debts!$D$21,J63+H64))+(L64-MIN(Debts!$D$22,M63+K64))))) -> 0 | P64: =ROUND(P63+N64-O64,2) -> 0 | Q64: =ROUND(S63*Debts!$C$24/100/12,2) -> 0 | R64: =MIN(S63+Q64,Debts!$D$24+MAX(0,$D64-((F64-MIN(Debts!$D$20,G63+E64))+(I64-MIN(Debts!$D$21,J63+H64))+(L64-MIN(Debts!$D$22,M63+K64))+(O64-MIN(Debts!$D$23,P63+N64))))) -> 0 | S64: =ROUND(S63+Q64-R64,2) -> 0 | T64: =G64+J64+M64+P64+S64 -> 0 | U64: =E64+H64+K64+N64+Q64 -> 0 | V64: =F64+I64+L64+O64+R64 -> 0
A65: 59 | B65: =EDATE(Debts!$C$16,58) -> 48092 | C65: =IF(T64>0.005,1,0) -> 0 | D65: =ROUND(MAX(0,(SUM(Debts!$D$20:$D$24)+N(Debts!$C$15))-(MIN(Debts!$D$20,G64+E65)+MIN(Debts!$D$21,J64+H65)+MIN(Debts!$D$22,M64+K65)+MIN(Debts!$D$23,P64+N65)+MIN(Debts!$D$24,S64+Q65))),2)*C65 -> 0 | E65: =ROUND(G64*Debts!$C$20/100/12,2) -> 0 | F65: =MIN(G64+E65,Debts!$D$20+MAX(0,$D65-(0))) -> 0 | G65: =ROUND(G64+E65-F65,2) -> 0 | H65: =ROUND(J64*Debts!$C$21/100/12,2) -> 0 | I65: =MIN(J64+H65,Debts!$D$21+MAX(0,$D65-((F65-MIN(Debts!$D$20,G64+E65))))) -> 0 | J65: =ROUND(J64+H65-I65,2) -> 0 | K65: =ROUND(M64*Debts!$C$22/100/12,2) -> 0 | L65: =MIN(M64+K65,Debts!$D$22+MAX(0,$D65-((F65-MIN(Debts!$D$20,G64+E65))+(I65-MIN(Debts!$D$21,J64+H65))))) -> 0 | M65: =ROUND(M64+K65-L65,2) -> 0 | N65: =ROUND(P64*Debts!$C$23/100/12,2) -> 0 | O65: =MIN(P64+N65,Debts!$D$23+MAX(0,$D65-((F65-MIN(Debts!$D$20,G64+E65))+(I65-MIN(Debts!$D$21,J64+H65))+(L65-MIN(Debts!$D$22,M64+K65))))) -> 0 | P65: =ROUND(P64+N65-O65,2) -> 0 | Q65: =ROUND(S64*Debts!$C$24/100/12,2) -> 0 | R65: =MIN(S64+Q65,Debts!$D$24+MAX(0,$D65-((F65-MIN(Debts!$D$20,G64+E65))+(I65-MIN(Debts!$D$21,J64+H65))+(L65-MIN(Debts!$D$22,M64+K65))+(O65-MIN(Debts!$D$23,P64+N65))))) -> 0 | S65: =ROUND(S64+Q65-R65,2) -> 0 | T65: =G65+J65+M65+P65+S65 -> 0 | U65: =E65+H65+K65+N65+Q65 -> 0 | V65: =F65+I65+L65+O65+R65 -> 0
A66: 60 | B66: =EDATE(Debts!$C$16,59) -> 48122 | C66: =IF(T65>0.005,1,0) -> 0 | D66: =ROUND(MAX(0,(SUM(Debts!$D$20:$D$24)+N(Debts!$C$15))-(MIN(Debts!$D$20,G65+E66)+MIN(Debts!$D$21,J65+H66)+MIN(Debts!$D$22,M65+K66)+MIN(Debts!$D$23,P65+N66)+MIN(Debts!$D$24,S65+Q66))),2)*C66 -> 0 | E66: =ROUND(G65*Debts!$C$20/100/12,2) -> 0 | F66: =MIN(G65+E66,Debts!$D$20+MAX(0,$D66-(0))) -> 0 | G66: =ROUND(G65+E66-F66,2) -> 0 | H66: =ROUND(J65*Debts!$C$21/100/12,2) -> 0 | I66: =MIN(J65+H66,Debts!$D$21+MAX(0,$D66-((F66-MIN(Debts!$D$20,G65+E66))))) -> 0 | J66: =ROUND(J65+H66-I66,2) -> 0 | K66: =ROUND(M65*Debts!$C$22/100/12,2) -> 0 | L66: =MIN(M65+K66,Debts!$D$22+MAX(0,$D66-((F66-MIN(Debts!$D$20,G65+E66))+(I66-MIN(Debts!$D$21,J65+H66))))) -> 0 | M66: =ROUND(M65+K66-L66,2) -> 0 | N66: =ROUND(P65*Debts!$C$23/100/12,2) -> 0 | O66: =MIN(P65+N66,Debts!$D$23+MAX(0,$D66-((F66-MIN(Debts!$D$20,G65+E66))+(I66-MIN(Debts!$D$21,J65+H66))+(L66-MIN(Debts!$D$22,M65+K66))))) -> 0 | P66: =ROUND(P65+N66-O66,2) -> 0 | Q66: =ROUND(S65*Debts!$C$24/100/12,2) -> 0 | R66: =MIN(S65+Q66,Debts!$D$24+MAX(0,$D66-((F66-MIN(Debts!$D$20,G65+E66))+(I66-MIN(Debts!$D$21,J65+H66))+(L66-MIN(Debts!$D$22,M65+K66))+(O66-MIN(Debts!$D$23,P65+N66))))) -> 0 | S66: =ROUND(S65+Q66-R66,2) -> 0 | T66: =G66+J66+M66+P66+S66 -> 0 | U66: =E66+H66+K66+N66+Q66 -> 0 | V66: =F66+I66+L66+O66+R66 -> 0

Sheet How to use
A1: How to use
B5: How to use this file
B6: Enter up to five debts on the Debts sheet: balance, yearly interest rate (APR) in percent and the minimum monthly payment.
B7: Type how much extra you can pay every month and the first month of your plan.
B8: The sheet orders your debts from the smallest to the largest balance. That is the snowball order.
B9: The Schedule sheet shows every month for up to five years: interest, payment and what is left of each debt.
B10: Months to be debt free, total interest and total paid appear under Your plan. Interest is estimated from the APR you enter.
B12: A planning template. It does not connect to any bank or app and is not financial, legal or tax advice.
B13: Free from maxbeautifuldesigns.com/library. Standard .xlsx with formulas, no macros.
